 Dungeon Crawl Stone Soup version 0.32-a0-329-ge6c31236d6 (webtiles) character file.

Game seed: 8429713846689470187

16458374 TheMeInTeam the Invulnerable (level 27, 273/273 HPs)
             Began as a Mountain Dwarf Fighter on Feb 15, 2024.
             Was the Champion of Wu Jian.
             Escaped with the Orb
             ... and 15 runes
             ... and 1 gem on Feb 17, 2024!
             The game lasted 04:45:56 (96014 turns).

TheMeInTeam the Invulnerable (MDFi)                Turns: 96014, Time: 04:45:56

Health: 273/273    AC: 55    Str: 42    XL:     27
Magic:  54/54      EV: 29    Int: 16    God:    Wu Jian [******]
Gold:   13482      SH: 34    Dex: 25    Spells: 66/80 levels left

rFire   + + +        a - +9 broad axe "Impslayer" {freeze, Dex+6}
rCold   + + +        f - +6 tower shield {rC+ rF+}
rNeg    + + +        o - +12 gold dragon scales
rPois   ∞            b - +2 helmet of the Slug {rC+ rN+ Str+3}
rElec   +            g - +2 cloak {rCorr}
rCorr   +            H - +2 pair of gloves of Ethics {rF+ Int+4 Slay+2 SInv}
SInv    +            V - +2 pair of boots "Tiev" {Rampage Str+3}
Will    ++++.        A - amulet of Vitality {RegenMP++ Regen++} Stlth
                     C - ring "Cirhepass" {rC- Will+ Str+6 Dex+4}
HPRegen 2.25/turn    B - ring of Kikubaaqudgha's Favour {^Drain rElec rPois rF++ Dex+6, =R}
MPRegen 1.14/turn

%: rampage
@: death-form, studying 5 skills
A: vile attack, torment immunity, no potions, runic magic, artefact enchanting
0: Orb of Zot
}: 15/15 runes: barnacled, slimy, silver, golden, iron, obsidian, icy, bone,
abyssal, demonic, glowing, magical, fiery, dark, gossamer
a: Siphon Essence, Begin Untransformation, Renounce Religion, Wall Jump,
Serpent's Lash, Heavenly Storm


You escaped.
You worshipped Wu Jian.
Wu Jian was exalted by your worship.
You were an undying horror.
You visited 17 branches of the dungeon, and saw 87 of its levels.
You visited Pandemonium 2 times, and saw 21 of its levels.
You visited the Abyss 4 times.
You completed 1 ziggurat, and saw 27 of its levels.
You also visited: Gauntlet, Ice Cave and Volcano.

You collected 22032 gold pieces.
You spent 8550 gold pieces at shops.

Inventory:

Hand Weapons
 a - the +9 broad axe "Impslayer" (weapon) {freeze, Dex+6}
   (You acquired it on level 3 of the Crypt)

   Dex+6:     It affects your dexterity (+6).
Missiles
 x - 10 throwing nets
Armour
 b - the +2 helmet of the Slug (worn) {rC+ rN+ Str+3}
   (You bought it in a shop on level 3 of the Depths)

   Str+3:     It affects your strength (+3).
   rC+:       It protects you from cold.
   rN+:       It protects you from negative energy.
 f - a +6 tower shield of resistance (worn)
 g - a +2 cloak of preservation (worn)
 h - an orb of guile
 o - +12 gold dragon scales (worn)
 H - the +2 pair of gloves of Ethics (worn) {rF+ Int+4 Slay+2 SInv}
   (You acquired it in Pandemonium)

   Int+4:     It affects your intelligence (+4).
   Slay+2:    It affects your accuracy & damage with ranged weapons and melee
   (+2).
   rF+:       It protects you from fire.
   SInv:      It lets you see invisible.
 V - the +2 pair of boots "Tiev" (worn) {Rampage Str+3}
   (You found it on level 3 of the Elven Halls)

   Str+3:     It affects your strength (+3).
   Rampage:   It bestows one free step when moving towards enemies.
Jewellery
 l - the ring "Usualew" {EV+5 Str+9}
   (You found it on level 14 of a ziggurat)

   [ring of evasion]

   EV+5:      It affects your evasion (+5).
   Str+9:     It affects your strength (+9).
 A - the amulet of Vitality (around neck) {RegenMP++ Regen++}
   (You bought it in a shop on level 3 of the Depths)

   [amulet of magic regeneration]

   RegenMP:   It increases your rate of magic regeneration.
   Regen++:   It increases your rate of health regeneration.
 B - the ring of Kikubaaqudgha's Favour (right hand) {^Drain rElec rPois rF++ Dex+6, =R}
   (You acquired it on level 5 of the Dungeon)

   [ring of dexterity]

   Dex+6:     It affects your dexterity (+6).
   rF++:      It greatly protects you from fire.
   rElec:     It insulates you from electricity.
   rPois:     It protects you from poison ^Drain: It drains your maximum health
   when unequipped.
 C - the ring "Cirhepass" (left hand) {rC- Will+ Str+6 Dex+4}
   (You found it on level 5 of the Pits of Slime)

   [ring of strength]

   Str+6:     It affects your strength (+6).
   Dex+4:     It affects your dexterity (+4).
   rC-:       It makes you vulnerable to cold.
   Will+:     It increases your willpower.
 M - the amulet "Laugin" {Spirit *Slow +Inv Str+3 Int+7}
   (You found it on level 3 of the Tomb of the Ancients)

   [amulet of guardian spirit]

   Spirit:    It causes incoming damage to be divided between your reserves of
   health and magic.
   Str+3:     It affects your strength (+3).
   Int+7:     It affects your intelligence (+7).
   +Inv:      It lets you turn invisible.
   *Slow:     It may slow you when you take damage.
 W - the ring of Eceutid {rF+ Will+ Slay+6 Stlth-}
   (You found it on level 3 of the Tomb of the Ancients)

   [ring of willpower]

   Slay+6:    It affects your accuracy & damage with ranged weapons and melee
   (+6).
   rF+:       It protects you from fire.
   Will+:     It increases your willpower.
   Stlth-:    It makes you less stealthy.
 Z - the ring "Ighuc" {rElec rC+ Str+3}
   (You found it on level 6 of a ziggurat)

   [ring of protection from cold]

   Str+3:     It affects your strength (+3).
   rC+:       It protects you from cold.
   rElec:     It insulates you from electricity.
Talismans
 e - a granite talisman
 E - a talisman of death (active)
Wands
 c - a wand of quicksilver (104)
 i - a wand of polymorph (102)
 m - a wand of paralysis (111)
 p - a wand of mindburst (97)
 I - a wand of iceblast (151)
 S - a wand of digging (54)
Scrolls
 d - 35 scrolls of teleportation
 n - 12 scrolls of silence
 q - 9 scrolls of blinking
 y - 5 scrolls of immolation
 F - 7 scrolls of butterflies
 G - 12 scrolls of vulnerability
 O - 77 scrolls of identify
 Q - 24 scrolls of fog
 R - 13 scrolls of fear
 Y - 15 scrolls of revelation
Potions
 j - 15 potions of ambrosia
 k - 11 potions of resistance
 s - 41 potions of curing
 u - 10 potions of heal wounds
 v - 3 potions of haste
 z - 7 potions of might
 K - 8 potions of invisibility
 P - 11 potions of cancellation
 T - 10 potions of lignification
 U - 14 potions of mutation
 X - 10 potions of enlightenment
Miscellaneous
 r - a lightning rod (4/4)
 t - a box of beasts
 w - 2 +1 figurines of a ziggurat
 D - a tin of tremorstones (2/2)
 J - a phantom mirror
 L - a phial of floods
 N - the horn of Geryon


   Skills:
 O Level 27 Fighting
 - Level 26.9(27) Axes
 - Level 2.1(18.1) Maces & Flails
 O Level 27 Armour
 O Level 27 Dodging
 O Level 27 Shields
 O Level 27 Spellcasting
 + Level 5.2 Conjurations
 + Level 3.4 Hexes
 + Level 2.8 Translocations
 + Level 2.8 Alchemy
 O Level 27 Evocations
 O Level 27 Shapeshifting


You had 66 spell levels left.
You knew the following spells:

 Your Spells              Type           Power      Damage    Failure   Level
d - Dazzling Flash        Conj/Hex       70%        N/A       1%          3
r - Mephitic Cloud        Conj/Alch/Air  30%        N/A       1%          3
s - Blink                 Tloc           60%        N/A       1%          2
w - Yara's Violent Unrav  Hex/Alch       15%        3d8       16%         5
z - Apportation           Tloc           60%        N/A       1%          1

Your spell library contained the following spells:

 Spells                   Type           Power      Damage    Failure   Level
 Freeze                   Ice            84%        1d9       1%          1
 Magic Dart               Conj           100%       1d8       1%          1
 Necrotise                Necr           84%        1d8       1%          1
 Sandblast                Erth           42%        2d11      1%          1
 Shock                    Conj/Air       100%       1d9       1%          1
 Slow                     Hex            100%       N/A       1%          1
 Sting                    Conj/Alch      100%       1d9       1%          1
 Summon Small Mammal      Summ           84%        N/A       1%          1
 Ensorcelled Hibernation  Hex/Ice        54%        N/A       1%          2
 Jinxbite                 Hex            64%        N/A       1%          2
 Lesser Beckoning         Tloc           60%        N/A       1%          2
 Mercury Vapours          Alch/Air       52%        N/A       1%          2
 Momentum Strike          Conj/Tloc      68%        3d9       1%          2
 Searing Ray              Conj           76%        2d7       1%          2
 Static Discharge         Conj/Air       58%        3-6/arc   1%          2
 Gell's Gravitas          Tloc           30%        N/A       1%          3
 Sigil of Binding         Hex            32%        N/A       1%          3
 Teleport Other           Tloc           30%        N/A       1%          3
 Tukima's Dance           Hex            32%        N/A       1%          3
 Cigotuvi's Dreadful Rot  Necr/Alch/Air  48%        N/A       2%          2
 Hailstorm                Conj/Ice       29%        3d8       2%          3
 Stone Arrow              Conj/Erth      58%        3d10      2%          3
 Call Imp                 Summ           42%        N/A       3%          2
 Scorch                   Fire           42%        2d6       3%          2
 Sublimation of Blood     Necr           21%        N/A       3%          2
 Inner Flame              Hex/Fire       27%        N/A       3%          3
 Volatile Blastmotes      Fire/Tloc      52%        2d14      3%          3
 Cause Fear               Hex            16%        N/A       4%          4
 Fulminant Prism          Conj/Alch      17%        3d11      4%          4
 Iskenderun's Mystic Bla  Conj/Tloc      34%        2d8       4%          4
 Dimensional Bullseye     Hex/Tloc       15%        N/A       5%          4
 Call Canine Familiar     Summ           21%        N/A       6%          3
 Frozen Ramparts          Ice            42%        1d7       6%          3
 Fugue of the Fallen      Necr           21%        N/A       6%          3
 Ozocubu's Armour         Ice            21%        N/A       6%          3
 Passwall                 Erth           21%        N/A       6%          3
 Summon Ice Beast         Ice/Summ       21%        N/A       6%          3
 Swiftness                Air            21%        N/A       6%          3
 Manifold Assault         Tloc           30%        N/A       6%          4
 Olgreb's Toxic Radiance  Alch           30%        N/A       6%          4
 Passage of Golubria      Tloc           30%        N/A       6%          4
 Brom's Barrelling Bould  Conj/Erth      29%        2d5       7%          4
 Flame Wave               Conj/Fire      29%        2d9       7%          4
 Iskenderun's Battlesphe  Conj           38%        2d9       7%          5
 Anguish                  Hex/Necr       13%        N/A       11%         4
 Irradiate                Conj/Alch      17%        3d17      11%         5
 Ignite Poison            Fire/Alch      26%        N/A       12%         4
 Leda's Liquefaction      Alch/Erth      13%        N/A       12%         4
 Petrify                  Alch/Erth      26%        N/A       12%         4
 Sticky Flame             Fire/Alch      26%        2d6       12%         4
 Vhi's Electric Charge    Tloc/Air       52%        N/A       12%         4
 Alistair's Intoxication  Alch           20%        N/A       19%         5
 Airstrike                Air            10%        2d(2-18)  21%         4
 Animate Armour           Summ/Erth      42%        N/A       21%         4
 Animate Dead             Necr           21%        N/A       21%         4
 Dispel Undead            Necr           21%        3d11      21%         4
 Martyr's Knell           Necr/Summ      21%        N/A       21%         4
 Summon Blazeheart Golem  Fire/Summ      21%        N/A       21%         4
 Summon Lightning Spire   Summ/Air       21%        N/A       21%         4
 Arcjolt                  Conj/Air       14%        1d24      21%         5
 Fireball                 Conj/Fire      14%        3d8       21%         5
 Freezing Cloud           Conj/Ice/Air   13%        6-21      28%         5
 Metabolic Englaciation   Hex/Ice        13%        N/A       28%         5
 Silence                  Hex/Air        13%        N/A       28%         5
 Summon Mana Viper        Hex/Summ       27%        N/A       28%         5
 Summon Forest            Summ/Tloc      13%        N/A       32%         5
 Borgnjor's Vile Clutch   Necr/Erth      10%        N/A       50%         5
 Lee's Rapid Deconstruct  Erth           10%        3d8*      50%         5
 Dispersal                Tloc           15%        N/A       69%         6
 Eringya's Noxious Bog    Alch           15%        4d6       69%         6
 Bombard                  Conj/Erth      14%        9d3       73%         6
 Conjure Ball Lightning   Conj/Air       14%        3x3d6     73%         6
 Starburst                Conj/Fire      14%        6d6       73%         6
 Sculpt Simulacrum        Ice/Alch       13%        N/A       87%         6
 Orb of Destruction       Conj           19%        9d8       91%         7
 Death Channel            Necr           10%        N/A       97%         6
 Plasma Beam              Fire/Air       10%        2x1d21    97%         6
 Summon Cactus Giant      Summ           10%        N/A       97%         6
 Enfeeble                 Hex            16%        N/A       99%         7
 Spellforged Servitor     Conj/Summ      14%        N/A       99%         7
 Haunt                    Necr/Summ      10%        N/A       100%        7
 Malign Gateway           Summ/Tloc      13%        N/A       100%        7
 Monstrous Menagerie      Summ           10%        N/A       100%        7
 Summon Hydra             Summ           10%        N/A       100%        7
 Borgnjor's Revivificati  Necr           10%        N/A       100%        8
 Discord                  Hex            16%        N/A       100%        8
 Disjunction              Tloc           15%        N/A       100%        8
 Ignition                 Fire           10%        3d5       100%        8
 Infestation              Necr           10%        N/A       100%        8
 Lehudib's Crystal Spear  Conj/Erth      14%        10d5      100%        8
 Maxwell's Capacitive Co  Air            10%        ∞         100%        8
 Summon Horrible Things   Summ           10%        N/A       100%        8
 Chain Lightning          Conj/Air       14%        3d19      100%        9
 Death's Door             Necr           10%        N/A       100%        9
 Dragon's Call            Summ           10%        N/A       100%        9
 Fire Storm               Conj/Fire      14%        8d4       100%        9
 Shatter                  Erth           10%        3d12*     100%        9


Dungeon Overview and Level Annotations

Branches:
Dungeon (15/15)            Temple (0/1) D:5            Lair (5/5) D:9
 Shoals (4/4) Lair:2       Spider (4/4) Lair:2        Slime (5/5) Lair:4
    Orc (2/2) D:10            Elf (3/3) Orc:2        Vaults (5/5) D:14
  Crypt (3/3) Vaults:2       Tomb (3/3) Crypt:3      Depths (4/4) D:15
   Hell (visited)             Dis (7/7) Hell            Geh (7/7) Hell
    Coc (7/7) Hell            Tar (7/7) Hell            Zot (5/5) Depths:4
  IceCv (visited)         Volcano (visited)         Gauntlet (visited)

Altars:
Cheibriados
Dithmenos
Elyvilon
Fedhas
Hepliaklqana
Kikubaaqudgha
Trog
Uskayaw
Wu Jian
Yredelemnul
Zin
The Shining One
Jiyva

Shops:
D:6 (:?[[   D:7 *   D:8 *   D:14 !   Orc:1 (   Orc:2 =(=*   Elf:2 (   Elf:3 ?
Shoals:2 [   Shoals:3 [   Vaults:1 :   Depths:2 !   Depths:3 *([

Portals:
Hell: Depths:1 Depths:2 Depths:3 Depths:4
Abyss: Depths:3
Pandemonium: Depths:2

Annotations:
Tar:2 36 runed translucent doors
Zot:3 2 transporters


Innate Abilities, Weirdness & Mutations

You are an undying horror.
Your melee and unarmed attacks drain, slow and weaken victims.
You are immune to unholy pain and torment.
You cannot drink.
You are immune to poison.
Your spellcasting is much less encumbered by armour.
You can use scrolls of enchantment on lesser artefacts.


Message History

The Council accepts your kill.
Your Conjurations skill increases to level 5!
No target in view!
No target in view!
There is a stone staircase leading up here.
You climb upwards.
There is a stone staircase leading down here.
You see here a ring of wizardry.
Things that are here:
a +0 ring mail; a +1 dire flail of holy wrath; a tengu skeleton A shadow demon comes into view.
The shadow demon gives a loud, deep croak!
You see here a deep troll skeleton.
You rampage towards the shadow demon!
You lunge at the shadow demon.
You slice the shadow demon!!
The shadow demon decays.
You freeze the shadow demon.
The shadow demon is severely wounded.
You closely miss the shadow demon.
The shadow demon is severely wounded.
You slice the shadow demon!!
You kill the shadow demon!
The Council accepts your kill.
No target in view!
There is a stone staircase leading up here.
You climb upwards.
There is a stone staircase leading down here.
Things that are here:
a +0 robe; a +1 dagger of venom; a human skeleton
There is a staircase back to the Dungeon here.
You climb upwards.
Welcome back to the Dungeon!
There is a staircase to the Depths here.
There is an open door here.
Things that are here:
a +2 dire flail of venom; a +0 dire flail
There is a stone staircase leading up here.
You climb upwards.
A Suanun, an Ice Fiend, a lich and a red devil come into view.
The red devil is wielding a +0 heavy trident.
There is a stone staircase leading down here.
As you read the scroll of teleportation, it crumbles to dust.
You feel strangely unstable.
You feel the Orb delaying your translocation!
The Ice Fiend roars!
There is an open door here.
The lich casts a spell at you. The bolt of cold misses you.
You see here a +0 giant club.
Items here: ))) ÷.
The lich casts a spell.
The lich seems to speed up.
Items here: ))))) ÷÷.
You see here a +0 giant club.
Your surroundings suddenly seem different.
Suanun gestures at you.
A raging storm of fire appears!
The great blast of fire engulfs you!!!
You partially resist. 6 fire vortices come into view.
You spin and attack the fire vortex repeatedly.
You slice the fire vortex!! You freeze the fire vortex!
The fire vortex dissipates!
You spin and attack the fire vortex.
You slash the fire vortex! You freeze the fire vortex.
The fire vortex is heavily damaged.
You are engulfed in blazing flames.
You resist. Suanun gestures at you.
A raging storm of fire appears!
The great blast of fire engulfs you!!! You partially resist.
You block the fire vortex's attack. 4 fire vortices come into view.
You rampage towards the fire vortex!
You lunge at the fire vortex.
You slice the fire vortex!! You freeze the fire vortex!!
The fire vortex dissipates!
You hit the fire vortex. You freeze the fire vortex.
You spin and attack the fire vortex.
You slash the fire vortex! You freeze the fire vortex.
The fire vortex is heavily damaged.
You are engulfed in blazing flames.
You resist. Suanun gestures at you.
A raging storm of fire appears!
The great blast of fire engulfs you!!! You partially resist.
You block the fire vortex's attack. 4 fire vortices come into view.
You barely miss the fire vortex.
The fire vortex is heavily damaged.
You slice the fire vortex!! You freeze the fire vortex!
The fire vortex dissipates!
You slash the fire vortex! You freeze the fire vortex.
You slash the fire vortex! You freeze the fire vortex.
You are engulfed in blazing flames.
You resist.
The lich is engulfed in blazing flames.
You spin and attack the fire vortex repeatedly.
You hit the fire vortex. You freeze the fire vortex.
The fire vortex is almost destroyed.
You slash the fire vortex! You freeze the fire vortex.
The fire vortex dissipates!
You are engulfed in blazing flames.
You resist.
The lich is engulfed in blazing flames.
There is an open door here.
You are engulfed in blazing flames.
You resist.
Suanun is engulfed in blazing flames.
You are engulfed in blazing flames.
You resist. Suanun gestures at you. The bolt of cold misses you.
Suanun gestures at you. The bolt of cold hits you! You resist.
Suanun gestures at you. The bolt of cold misses you. Suanun gestures at you.
The bolt of cold hits you. You resist.
Blink to where?
Press: ? - help, Dir - move target
As you read the scroll of blinking, it crumbles to dust.
A sun demon comes into view.
The sun demon moves out of view.
There is a stone staircase leading up here.
You climb upwards.
There is a stone staircase leading down here.
There is an open door here.
There is an open door here.
There is a stone staircase leading up here.
You climb upwards.
There is a stone staircase leading down here.
There is an open door here.
You see here a +0 hand axe.
HP restored.
There is a stone staircase leading up here.
You climb upwards.
There is a stone staircase leading down here.
An ice devil comes into view.
An ice devil is nearby!
An ice devil is nearby!
There is a stone staircase leading up here.
You climb upwards.
There is a stone staircase leading down here.
A soul eater comes into view.
The soul eater moves out of view.
There is a stone staircase leading up here.
You climb upwards.
There is a stone staircase leading down here.
An Orb Guardian comes into view.
You completely miss the Orb Guardian. You slash the Orb Guardian!
The Orb Guardian decays.
You freeze the Orb Guardian.
The Orb Guardian is lightly wounded.
You slice the Orb Guardian!!
The Orb Guardian decays.
You freeze the Orb Guardian.
The Orb Guardian is heavily wounded.
You block the Orb Guardian's attack.
You miss the Orb Guardian.
The Orb Guardian is heavily wounded.
The Orb Guardian completely misses you.
You hit the Orb Guardian.
The Orb Guardian decays.
You freeze the Orb Guardian.
The Orb Guardian is heavily wounded.
You slice the Orb Guardian!!
The Orb Guardian decays.
You freeze the Orb Guardian!
You kill the Orb Guardian!
The Council accepts your kill.
No target in view!
There is a stone staircase leading up here.
You climb upwards.
There is a stone staircase leading down here.
There is a stone staircase leading up here.
You climb upwards.
There is a stone staircase leading down here.
There is a stone staircase leading up here.
You climb upwards.
There is a stone staircase leading down here.
Things that are here:
a +0 robe; a +0 dagger; an orc skeleton A rust devil comes into view.
You chop the rust devil into pieces!!! You freeze the rust devil.
You kill the rust devil!
The Council accepts your kill.
No target in view!
Aiming: Dig
Press: ? - help, Shift-Dir - straight line A rock wall.
This square is covered in magical glow.
The rock shatters into small pieces.
Aiming: Dig
Press: ? - help, Shift-Dir - straight line A rock wall.
This square is covered in magical glow.
The rock shatters into small pieces.
There is a stone staircase leading up here.
You climb upwards.
There is a stone staircase leading down here.
There is a stone staircase leading up here.
You climb upwards.
There is a stone staircase leading down here.
There is a stone staircase leading up here.
You climb upwards.
There is a stone staircase leading down here.
There is a stone staircase leading up here.
You climb upwards.
There is a stone staircase leading down here.
There is a stone staircase leading up here.
You climb upwards.
There is a stone staircase leading down here.
There is an open door here.
There is a staircase leading out of the dungeon here.
You have escaped!

###.###.#.#.# #...# #...#
..#.###.#...# ###...### #...#
..)..##.#..## #.......# #...#
###...#.#..#####.......#####...#
..#.........#.............#....#
............'......⌠......#....#
............#.............#....#
....#.......####.......####....#
..........#.# #z......# #.##.#
..........#.# ###...### #.##.#
....#.##....# #...# #.##.#
............# #...# #.##.#
.#..........###############.##.##
.#...............................
.......#.........................
.................................
.......#.....####................


There were no monsters in sight!

Vanquished Creatures
  Cerebov (Pan)
  Antaeus (Coc:7)
  Asmodeus (Geh:7)
  Mnoleg (Pan)
  Ignacio (Pan)
  Gloorx Vloq (Pan)
  A seraph (Pan)
  the Serpent of Hell (Dis:7)
  Lom Lobon (Pan)
  Dispater (Dis:7)
  12 dread liches
  10 ancient liches
  Khufu (Crypt:2)
  9 orbs of fire
  A juggernaut (Depths:2)
  Sojobo (Depths:1)
  Bai Suzhen (Depths:1)
  39 royal mummies
  Parghit (Zot:2)
  25 shard shrikes
  7 pandemonium lords
  3 Killer Klowns (Zot:5)
  3 curse toes
  Saint Roka (Vaults:3)
  Margery (Vaults:3)
  37 caustic shrikes
  Geryon (Hell)
  29 profane servitors
  14 golden dragons
  Norris (Vaults:3)
  2 pearl dragons (Pan)
  21 bone dragons
  13 doom hounds
  16 Tzitzimimeh
  11 electric golems
  2 spectral shard shrikes
  Jorgrun (Shoals:1)
  21 Hell Sentinels
  18 Brimstone Fiends
  Rupert (Lair:4)
  Mlioglotl (Spider:1)
  17 hellephants
  8 iron giants
  Zenata (Vaults:2)
  29 tainted leviathans
  A walking earthen tome (Depths:3)
  25 Ice Fiends
  13 liches
  27 Orb Guardians
  Asterion (Vaults:1)
  19 tentacled monstrosities
  9 deep elf blademasters
  Grunn (Zot:3)
  31 titans
  47 searing wretches
  11 quicksilver dragons
  9 deep elf master archers
  A walking frostbound tome (Depths:3)
  38 ancient champions
  An eldritch tentacle (Tomb:2)
  14 sphinxes
  14 tentacled starspawn
  28 acid blobs
  29 Executioners
  Frances (Elf:1)
  12 shadow dragons
  2 krakens
  8 death cobs
  5 fenstrider witches
  Agnes (D:15)
  7 tengu reavers
  Aizul (Elf:1)
  27 storm dragons
  4 draconian monks
  17 fire giants
  17 rockslimes
  15 daevas (Pan)
  12 revenants
  14 demonspawn warmongers
  22 azure jellies
  10 protean progenitors
  20 narguns
  5 draconian knights
  16 quicksilver elementals
  11 nagarajas
  8 draconian scorchers
  8 deep elf sorcerers
  12 ghouls
  17 emperor scorpions
  A juggernaut zombie (Abyss:3)
  5 draconian shifters
  16 frost giants
  21 ghost moths
  10 shard shrike simulacra
  A spectral caustic shrike (Tar:5)
  7 draconian stormcallers
  44 reapers
  7 deep elf elementalists
  24 vault wardens
  A spriggan defender (Depths:4)
  2 caustic shrike zombies
  15 orc warlords
  6 draconian annihilators
  5 iron dragons
  13 curse skulls
  27 angels
  56 balrugs
  11 demonspawn corrupters
  11 caustic shrike skeletons
  13 ophanim (Pan)
  22 quicksilver oozes
  7 broodmothers
  14 cacodemons
  10 demonspawn blood saints
  35 very ugly things
  18 ironbound preservers
  The ghost of whatisthis the Bludgeoner, a journeyman MDCA of Ignis (Lair:5)
  14 ironbound thunderhulks
  8 formless jellyfish
  14 green draconians
  3 black draconians
  20 vampire knights
  26 elemental wellsprings
  A juggernaut skeleton (Pan)
  17 stone giants
  15 deep elf demonologists
  A starflower (Abyss:3)
  30 apis
  5 lorocyprocas
  15 red draconians
  41 war gargoyles
  11 purple draconians
  15 deep elf annihilators
  The ghost of partyrob117 the Warrior, a journeyman MiBe of Trog (D:13)
  A spectral titan (Tar:2)
  14 demonspawn black suns
  12 dire elephants
  A minotaur (Gauntlet)
  9 white draconians
  12 deep elf death magi
  27 putrid mouths
  23 wendigos
  13 spark wasps
  Azrael (D:14)
  5 yellow draconians
  6 bunyips
  A quicksilver dragon zombie (Crypt:1)
  15 ettins
  21 blizzard demons
  18 eidola
  A kraken zombie (Hell)
  25 iron golems
  5 merfolk javelineers
  25 green deaths
  28 mummy priests
  21 entropy weavers
  Josephine (Lair:4)
  9 jiangshi
  18 yaktaur captains
  14 deep elf high priests
  2 spectral krakens (Tar:7)
  11 merfolk impalers
  3 fire dragons
  3 spriggan zombies
  A crystal guardian (Vaults:4)
  3 spectral spriggans
  18 great orbs of eyes
  2 quicksilver dragon skeletons
  9 rakshasas
  17 hydras
  3 shambling mangroves
  31 salamander tyrants
  30 vault guards
  An ice dragon (Depths:1)
  13 spriggan air magi
  6 juggernaut simulacra
  9 jorogumos
  3 peacekeepers
  5 caustic shrike simulacra
  2 catoblepae
  4 centaur warriors
  8 spriggan skeletons
  An alligator snapping turtle (Shoals:4)
  A ghost crab (Zig:11)
  2 ogre magi (D:15)
  8 boulder beetles
  5 alligators
  8 merfolk aquamancers
  3 death knights
  6 hell beasts
  5 anacondas
  11 ironbound frosthearts
  12 stokers
  13 radroaches
  3 satyrs
  3 merfolk avatars
  38 hell hogs
  59 death scarabs
  10 tengu warriors
  12 two-headed ogres
  13 vampire magi
  A bennu skeleton (Crypt:3)
  52 dancing weapons
  5 death yaks
  5 naga warriors
  6 deep troll shamans
  2 spectral dire elephants
  5 deep troll earth magi
  3 spectral emperor scorpions (Pan)
  3 spectral nagas
  17 shock serpents
  A shock serpent (shapeshifter) (Vaults:5)
  20 demonic crawlers
  7 spriggan berserkers
  2 storm dragon zombies
  17 orc high priests
  34 soul eaters
  18 deep elf knights
  8 crystal echidnas
  5 naga sharpshooters
  3 occultists
  6 skysharks
  82 sun demons
  10 thrashing horrors
  5 fire crabs
  Lodul (D:14)
  27 hell knights
  5 titan skeletons
  15 pharaoh ants
  6 hellephant skeletons (Pan)
  A salamander mystic (Zig:12)
  14 iron trolls
  2 goliath frogs
  20 shadow wraiths
  35 sixfirhies
  4 wretched stars (Abyss:3)
  2 storm dragon skeletons
  12 sea snakes
  2 anaconda zombies (Hell)
  5 bog bodies
  A sun moth (shapeshifter) (D:15)
  37 skeletal warriors
  5 spriggan druids
  8 glowing orange brains
  54 deep trolls
  4 quicksilver dragon simulacra
  18 cherubim
  9 shadow demons
  A spectral anaconda (Tar:2)
  A spectral iron dragon (Tar:2)
  A spectral hydra (Tar:4)
  A spatial maelstrom (Zig:3)
  9 flayed ghosts
  A fenstrider witch simulacrum (Coc:1)
  2 lindwurms
  8 spriggan simulacra
  15 orb spiders
  An obsidian statue (IceCv)
  A golden dragon zombie (Zig:9)
  13 phantasmal warriors
  3 swamp dragons
  3 naga ritualists
  36 starcursed masses
  16 sun moths
  An orange crystal statue (IceCv)
  10 arcanists
  21 ironbound convokers
  25 orc knights
  Pikel (D:8)
  A golden dragon skeleton (Zig:9)
  26 deep elf archers
  4 bunyip skeletons
  4 mana vipers
  An alligator zombie (Crypt:3)
  19 steelbarb worms
  43 ugly things
  5 harpies
  12 necromancers
  45 deep elf pyromancers
  41 deep elf zephyrmancers
  3 oklob plants (Abyss:3)
  30 wolf spiders
  A shadow dragon skeleton (Crypt:2)
  An iron dragon zombie (Crypt:2)
  An ugly thing (shapeshifter) (Vaults:5)
  3 anaconda skeletons
  2 stone giant zombies (Crypt:1)
  A manticore (shapeshifter) (Vaults:5)
  20 orc sorcerers
  6 shining eyes
  A spectral alligator snapping turtle (Tar:1)
  45 large abominations
  55 moths of wrath
  16 manticores
  An iron dragon skeleton (Crypt:1)
  12 cyclopes
  11 fauns
  5 will-o-the-wisps
  6 merfolk sirens
  17 black mambas
  2 salamanders
  3 naga zombies
  A spectral centaur (Tar:1)
  7 meliai
  A guardian serpent (shapeshifter) (Vaults:5)
  A moth of wrath (shapeshifter) (Vaults:5)
  12 kobold blastminers
  3 Executioner simulacra (Pan)
  An alligator skeleton (Volcano)
  A centaur skeleton (Crypt:3)
  10 guardian serpents
  A water nymph (shapeshifter) (Vaults:1)
  6 titan simulacra
  5 ice statues
  2 black mambas (shapeshifter)
  3 gargoyles (Volcano)
  7 rust devils
  11 vault sentinels
  19 elephants
  4 water nymphs
  5 eyes of devastation
  11 spectral swamp worms (Tar:7)
  8 naga magi
  19 cane toads
  A torpor snail (shapeshifter) (Depths:2)
  58 smoke demons
  13 torpor snails
  A yellow draconian zombie (Crypt:1)
  An orc skeleton (Crypt:3)
  2 storm dragon simulacra (Coc:1)
  7 unseen horrors
  16 orange demons
  38 hellions
  28 yaktaurs
  A sea snake zombie (Hell)
  2 rime drakes
  8 ice devils
  A bunyip simulacrum (Coc:1)
  56 guardian mummies
  16 efreet
  6 komodo dragons
  3 alligator snapping turtle skeletons
  25 tormentors
  10 anaconda simulacra
  13 freezing wraiths
  2 iron giant simulacra
  7 tengu conjurers
  8 ancient zymes
  3 harpy zombies
  40 merfolk
  A queen bee (D:9)
  3 silent spectres
  18 red devils
  A minotaur skeleton (Hell)
  A sea snake skeleton (Hell)
  2 spectral harpies
  A catoblepas skeleton (Crypt:3)
  3 golden dragon simulacra
  4 tyrant leeches
  A tengu simulacrum (Zig:9)
  14 trolls
  11 hornets
  9 polar bears
  Grinder (D:4)
  22 wind drakes
  39 hellwings
  2 alligator simulacra
  3 hydra zombies
  2 harpy skeletons
  A moth of wrath zombie (Crypt:1)
  A raiju (shapeshifter) (Vaults:1)
  A sun moth zombie (Crypt:3)
  A tarantella (shapeshifter) (Elf:1)
  4 glass eyes
  35 tarantellas
  12 blink frogs
  A glass eye (shapeshifter) (Depths:3)
  10 dream sheep
  24 raiju
  26 jumping spiders
  25 air elementals
  4 stone giant simulacra
  11 snapping turtles
  119 slime creatures
  A frost giant simulacrum (Zig:9)
  2 spriggans (Zig:14)
  2 centaur simulacra
  A spriggan (shapeshifter) (D:15)
  2 vampires
  16 water elementals
  9 wraiths
  33 ynoxinuls
  A slime creature (shapeshifter) (Depths:4)
  41 culicivoras
  A black mamba skeleton (Tomb:2)
  3 dire elephant simulacra
  7 fire bats
  3 ettin skeletons
  24 ushabtiu
  6 fire elementals
  14 golden eyes
  19 wyverns
  21 yaks
  A slime creature zombie (Crypt:2)
  5 naga simulacra
  32 chaos spawn
  5 basilisks
  10 wargs
  A sea snake simulacrum (Hell)
  5 minotaur simulacra (IceCv)
  84 redbacks
  18 neqoxecs
  10 vampire mosquitoes
  A swamp worm (shapeshifter) (Vaults:4)
  24 harpy simulacra
  2 steam dragons
  2 merfolk zombies (Crypt:2)
  9 nagas
  2 acid dragons
  18 hell hounds
  A two-headed ogre skeleton (Crypt:1)
  A faun skeleton (Crypt:1)
  30 water moccasins
  3 hydra simulacra
  A sky beast (D:6)
  A cane toad skeleton (Crypt:2)
  2 glowing shapeshifter skeletons (Zig:9)
  3 ice beasts
  A black bear (D:6)
  27 laughing skulls
  39 orc warriors
  6 ettin simulacra
  A swamp dragon zombie (Crypt:3)
  29 ogres
  9 wolves
  A black mamba simulacrum (Coc:1)
  9 centaurs
  A torpor snail zombie (Crypt:2)
  A phantom (D:5)
  3 lemures (D:8)
  4 kobold brigands
  A blink frog skeleton (Crypt:3)
  3 weeping skulls
  5 brain worms
  14 bullfrogs
  A komodo dragon zombie (Crypt:3)
  9 small abominations
  A yaktaur skeleton (Crypt:2)
  4 necrophages
  4 deep troll simulacra (IceCv)
  2 earth elementals (Elf:3)
  A gnoll sergeant (D:8)
  A scorpion (D:5)
  A burial acolyte (D:5)
  22 wights
  32 killer bees
  A lindwurm simulacrum (IceCv)
  A howler monkey (D:13)
  8 electric eels
  3 bombardier beetles
  A quasit (Abyss:2)
  A human zombie (Crypt:2)
  20 orc priests
  3 hounds
  A bullfrog skeleton (Crypt:2)
  2 gnoll boudas
  2 iron imps (Abyss:1)
  2 iguanas
  Ijyb (D:4)
  29 orc wizards
  2 hell rats (Lair:4)
  8 naga skeletons
  A deep dwarf skeleton (Crypt:3)
  2 tengu skeletons
  An acid dragon skeleton (Crypt:3)
  59 mummies
  7 adders
  17 gnolls
  8 river rats (Lair:4)
  A steam dragon zombie (Crypt:2)
  A swamp drake skeleton (Crypt:1)
  3 white imps
  3 ufetubi (Abyss:3)
  2 adder zombies (D:5)
  4 dart slugs
  A ribbon worm (D:2)
  63 orcs
  A bat skeleton (Crypt:3)
  4 endoplasms
  4 giant cockroaches
  5 goblins
  5 hobgoblins
  3 jackals (D:1)
  17 kobolds
  8 ball pythons
  2 bats (D:1)
  4 frilled lizards
  2 jackal zombies (D:5)
  4 rats
  4 aspiring fleshes
  A creeping inferno (Geh:7)
  27 fire vortices
  2 lurking horrors
  7 spectral weapons
  14 starspawn tentacles
  21 tentacles
5559 creatures vanquished.

Vanquished Creatures (collateral kills)
  Ereshkigal (Tar:7)
  A tengu reaver (Depths:1)
  A minotaur (Lair:5)
  Snorg (D:13)
4 creatures vanquished.

Vanquished Creatures (others)
  A Hell Sentinel (Pan)
  A titan (Pan)
  An Orb Guardian (Zot:5)
  2 eldritch tentacles (Pan)
  A ghost moth (Zig:23)
  A fire giant (Geh:4)
  A shard shrike simulacrum (Coc:5)
  A reaper (Zig:17)
  A draconian annihilator (Pan)
  A demonspawn black sun (Pan)
  A deep elf annihilator (Pan)
  A blizzard demon (Pan)
  A fire dragon (Depths:4)
  A juggernaut simulacrum (Coc:7)
  A caustic shrike simulacrum (Coc:7)
  A stoker (Geh:7)
  An occultist (Abyss:3)
  A soul eater (Pan)
  2 deep elf knights
  2 shadow wraiths
  A shadow demon (Pan)
  A deep elf archer (Zig:16)
  2 spriggan simulacra
  A wolf spider (Spider:4)
  A faun (Shoals:2)
  A will-o-the-wisp (Zig:15)
  A moth of wrath (Zot:2)
  A golden dragon simulacrum (Coc:7)
  2 wind drakes (Pan)
  A stone giant simulacrum (Coc:7)
  A jumping spider (Spider:4)
  A ynoxinul (Pan)
  A small abomination (Abyss:1)
  A dire elephant simulacrum (Coc:7)
  2 chaos spawn (Pan)
  4 harpy simulacra
  A naga (Zig:12)
  A naga simulacrum (Coc:3)
  A howler monkey (D:13)
  3 ball lightnings (Pan)
  5 creeping infernos
  19 foxfires
  29 starspawn tentacles
  33 tentacles
137 creatures vanquished.

Grand Total: 5700 creatures vanquished

Notes
Turn   | Place    | Note
-------+----------+-------------------------------------------
     0 | D:1      | TheMeInTeam the Mountain Dwarf Fighter began the quest for
                  | the Orb.
     0 | D:1      | Reached XP level 1. HP: 19/19 MP: 1/1
    78 | D:1      | Reached XP level 2. HP: 26/26 MP: 2/2
   241 | D:1      | Reached XP level 3. HP: 33/33 MP: 3/3
   834 | D:2      | You fall into a shaft and drop 2 floors!
   858 | D:4      | Noticed Grinder
   869 | D:4      | Paralysed by Grinder for 5 turns
   883 | D:4      | Killed Grinder
   884 | D:4      | Reached skill level 5 in Fighting
   884 | D:4      | Reached skill level 5 in Axes
   884 | D:4      | Reached XP level 4. HP: 17/42 MP: 4/4
   884 | D:4      | Reached XP level 5. HP: 20/48 MP: 5/5
  1086 | D:4      | Reached XP level 6. HP: 52/56 MP: 6/6
  1103 | D:4      | Found a snail-covered altar of Cheibriados.
  1225 | D:4      | Identified the +1 helmet of Gumetzuc {Rampage MP+9 Str+4
                  | Int+3}
  1267 | D:4      | Noticed Ijyb
  1269 | D:4      | Paralysed by Ijyb for 3 turns
  1281 | D:4      | Paralysed by Ijyb for 5 turns
  1303 | D:4      | Killed Ijyb
  1880 | D:3      | Found an ornate altar of the Wu Jian Council.
  1912 | D:3      | Became a worshipper of the Wu Jian Council
  2203 | D:3      | Found a glowing silver altar of Zin.
  2502 | D:4      | Found a hazy altar of Hepliaklqana.
  2906 | D:5      | Entered Level 5 of the Dungeon
  3008 | D:5      | Reached skill level 1 in Evocations
  3028 | D:4      | Reached XP level 7. HP: 56/63 MP: 7/7
  3255 | D:5      | Reached * piety under Wu Jian
  3335 | D:5      | Found a blossoming altar of Fedhas.
  3347 | D:5      | Found a basalt altar of Yredelemnul.
  3387 | D:5      | Found a staircase to the Ecumenical Temple.
  3778 | D:5      | Found a hide-covered altar of Uskayaw.
  3905 | D:5      | Found an ancient bone altar of Kikubaaqudgha.
  4230 | D:5      | Identified 2 scrolls of acquirement
  4230 | D:5      | Acquired the ring of Kikubaaqudgha's Favour {^Drain rElec
                  | rPois rF++ Dex+6}
  4233 | D:5      | Acquired a +2 cloak of preservation
  4309 | D:6      | Reached XP level 8. HP: 69/71 MP: 8/8
  4343 | D:6      | Found Saonaufa's Armour Emporium.
  4371 | D:6      | Reached skill level 5 in Armour
  4410 | D:6      | Identified the +2 falchion of Death {flame, Dex+4 Stlth+}
  4569 | D:6      | Found Bawkigav's Magic Scroll Emporium.
  4660 | D:6      | Bought a +2 pair of boots of stealth for 279 gold pieces
  4757 | D:6      | Found Geptun's Armour Shop.
  4789 | D:6      | Found Cyepn's Antique Weapon Shop.
  4805 | D:6      | Found Boirgh's Book Shop.
  5040 | D:7      | Found Cuowkuuck's Neck Hole.
  5090 | D:7      | Reached XP level 9. HP: 82/82 MP: 9/9
  5179 | D:7      | Reached ** piety under Wu Jian
  5517 | D:7      | Paralysed by a hornet for 2 turns
  5721 | D:7      | Found a white marble altar of Elyvilon.
  5878 | D:8      | Noticed Pikel
  5925 | D:8      | Killed Pikel
  5926 | D:8      | Reached skill level 10 in Axes
  5926 | D:8      | Reached skill level 5 in Evocations
  6038 | D:8      | Reached *** piety under Wu Jian
  6157 | D:8      | Found Giuj's Changing Room.
  6505 | D:9      | Reached XP level 10. HP: 93/93 MP: 10/10
  6508 | D:9      | Reached skill level 10 in Fighting
  6569 | D:9      | Noticed a two-headed ogre
  6574 | D:9      | Killed a two-headed ogre
  6690 | D:9      | Found a staircase to the Lair.
  6887 | D:9      | Reached **** piety under Wu Jian
  6972 | D:9      | Reached skill level 5 in Shields
  7371 | D:10     | Entered Level 10 of the Dungeon
  7599 | D:10     | Found a staircase to the Orcish Mines.
  7730 | D:10     | Reached XP level 11. HP: 84/97 MP: 11/11
  7762 | D:10     | Reached ***** piety under Wu Jian
  7972 | D:10     | Noticed a two-headed ogre
  7976 | D:10     | Killed a two-headed ogre
  8132 | Orc:1    | Entered Level 1 of the Orcish Mines
  8133 | Orc:1    | Noticed an ettin
  8172 | Orc:1    | You fall into a shaft and drop 1 floor!
  8172 | Orc:2    | Entered Level 2 of the Orcish Mines
  8172 | Orc:2    | Noticed an orc knight
  8188 | Orc:2    | Killed an orc knight
  8480 | Orc:1    | Found Jemuanol's Weapon Shop.
  8580 | Orc:1    | Found a transporter.
  8584 | Orc:1    | Noticed an orc knight
  8955 | Orc:2    | Found a staircase to the Elven Halls.
  9405 | Orc:2    | Noticed an orc knight
  9405 | Orc:2    | Noticed an orc high priest
  9405 | Orc:2    | Noticed an orc knight
  9437 | Orc:2    | Killed an orc knight
  9451 | Orc:2    | Noticed an orc sorcerer
  9457 | Orc:2    | Killed an orc sorcerer
  9458 | Orc:2    | Noticed an orc sorcerer
  9461 | Orc:2    | Noticed an orc sorcerer
  9465 | Orc:2    | Killed an orc sorcerer
  9472 | Orc:2    | Killed an orc knight
  9473 | Orc:2    | Reached skill level 10 in Armour
  9473 | Orc:2    | Killed an orc sorcerer
  9474 | Orc:2    | Reached skill level 15 in Axes
  9562 | Orc:2    | Noticed an orc high priest
  9563 | Orc:2    | Noticed a sixfirhy
  9587 | Orc:2    | Noticed a sixfirhy
  9588 | Orc:2    | Killed an orc high priest
  9654 | Orc:2    | Noticed an orc high priest
  9666 | Orc:2    | Killed an orc high priest
  9667 | Orc:2    | Reached XP level 12. HP: 89/106 MP: 12/12
  9736 | Orc:2    | Killed an orc high priest
  9756 | Orc:2    | Found Dodeif's General Store.
  9756 | Orc:2    | Found Itzeonisa's Jewellery Shoppe.
  9869 | Orc:2    | Paralysed by an orc sorcerer for 4 turns
  9876 | Orc:2    | Found Irrudid's Antique Weapon Boutique.
  9883 | Orc:2    | Found Lyetogel's Jewellery Boutique.
  9894 | Orc:2    | Bought a ring of see invisible for 210 gold pieces
  9894 | Orc:2    | Bought a ring of willpower for 350 gold pieces
 10193 | D:6      | Bought a +2 ring mail of cold resistance for 315 gold
                  | pieces
 10258 | Lair:1   | Entered Level 1 of the Lair of Beasts
 10298 | Lair:1   | Found a dark tunnel.
 10316 | Volcano  | Entered a volcano
 11095 | Lair:1   | Noticed a death yak
 11105 | Lair:1   | Killed a death yak
 11111 | Lair:1   | Noticed a death yak
 11112 | Lair:1   | Noticed a death yak
 11136 | Lair:1   | Killed a death yak
 11144 | Lair:1   | Killed a death yak
 11481 | Lair:2   | Reached XP level 13. HP: 101/116 MP: 13/13
 11504 | Lair:2   | Found a hole to the Spider Nest.
 11563 | Lair:2   | Identified the +1 flail of Agony {flame, rElec rCorr}
 12123 | Lair:2   | Found a staircase to the Shoals.
 12131 | Lair:2   | Reached ****** piety under Wu Jian
 12567 | Lair:3   | Identified the +6 short sword "Satrukiz" {pain, Int+3}
 13467 | Lair:4   | Noticed Josephine
 13482 | Lair:4   | Killed Josephine
 13590 | Lair:4   | Noticed Rupert
 13590 | Lair:4   | Paralysed by Rupert for 4 turns
 13611 | Lair:4   | HP: 4/120 [Rupert/+2 great mace of holy wrath (34)]
 13615 | Lair:4   | Killed Rupert
 13616 | Lair:4   | Reached XP level 14. HP: 24/130 MP: 14/14
 14004 | Lair:4   | Found a staircase to the Slime Pits.
 14004 | Lair:4   | Found a viscous altar of Jiyva.
 14343 | Lair:5   | Entered Level 5 of the Lair of Beasts
 14706 | Lair:5   | Reached skill level 15 in Armour
 14850 | Lair:5   | Noticed whatisthis's ghost (journeyman MDCA)
 14869 | Lair:5   | Found a runed translucent gate.
 14869 | Lair:5   | Found a runed translucent gate.
 14869 | Lair:5   | Found a runed translucent gate.
 14870 | Lair:5   | Got the Textbook on Iced Companions
 14981 | Lair:5   | Reached skill level 15 in Fighting
 15551 | Lair:5   | Killed whatisthis's ghost
 17331 | D:13     | Reached XP level 15. HP: 120/144 MP: 15/15
 17355 | D:13     | Found a runed translucent gate.
 17358 | D:13     | Found a runed translucent gate.
 17370 | D:13     | Found a runed translucent gate.
 17371 | D:13     | Noticed an acid blob
 17372 | D:13     | Noticed a rockslime
 17372 | D:13     | Noticed partyrob117's ghost (journeyman MiBe)
 17372 | D:13     | Noticed an acid blob
 17372 | D:13     | Noticed an azure jelly
 17373 | D:13     | Noticed an azure jelly
 17373 | D:13     | Noticed an azure jelly
 17373 | D:13     | Noticed an azure jelly
 17373 | D:13     | Noticed an acid blob
 17373 | D:13     | Noticed an acid blob
 17374 | D:13     | Noticed an acid blob
 17402 | D:13     | Found a gate leading to a gauntlet.
 17436 | Gauntlet | Entered a Gauntlet
 17436 | Gauntlet | Found a transporter.
 17436 | Gauntlet | Found a transporter.
 17436 | Gauntlet | Found a transporter.
 17437 | Gauntlet | Found a transporter.
 17440 | Gauntlet | Found a transporter.
 17440 | Gauntlet | Found a transporter.
 17450 | Gauntlet | Found a transporter.
 17454 | Gauntlet | Found a transporter.
 17475 | Gauntlet | Found a transporter.
 17566 | Gauntlet | Found a transporter.
 17570 | Gauntlet | Found a transporter.
 17584 | Gauntlet | Found a transporter.
 17965 | D:13     | Acquired 886 gold pieces
 18057 | D:13     | Noticed Snorg
 18077 | D:13     | Killed Snorg
 18258 | D:13     | Found a viscous altar of Jiyva.
 18258 | D:13     | Found the amulet of the Air {Inacc Air Fly rElec RMsl}
 18315 | D:14     | Found Porill's Distillery.
 18315 | D:14     | Noticed Azrael
 18346 | D:14     | Killed Azrael
 18379 | D:14     | Bought a potion of cancellation for 104 gold pieces
 18379 | D:14     | Bought a potion of haste for 130 gold pieces
 18379 | D:14     | Bought a potion of might for 52 gold pieces
 18379 | D:14     | Bought a potion of enlightenment for 65 gold pieces
 18379 | D:14     | Bought a potion of berserk rage for 65 gold pieces
 18534 | D:14     | Noticed Lodul
 18563 | D:14     | Killed Lodul
 18700 | D:14     | Found a gate to the Vaults.
 18983 | D:15     | Entered Level 15 of the Dungeon
 19257 | D:15     | Noticed Agnes
 19274 | D:15     | Killed Agnes
 19412 | D:15     | Found a staircase to the Depths.
 19601 | D:15     | Reached XP level 16. HP: 146/157 MP: 16/16
 20022 | Spider:1 | Entered Level 1 of the Spider Nest
 20123 | Spider:1 | You fall into a shaft and drop 1 floor!
 20472 | Spider:1 | Found a glacial archway.
 20515 | IceCv    | Entered an ice cave
 20539 | IceCv    | Reached skill level 10 in Evocations
 20818 | IceCv    | Reached skill level 1 in Dodging
 21104 | IceCv    | Identified the ring of Syndicalism {rC+ Dex+8 Stlth-}
 21411 | Spider:1 | Noticed Mlioglotl
 21427 | Spider:1 | Killed Mlioglotl
 22621 | Spider:1 | Acquired a manual of Shields
 22879 | Spider:2 | Reached XP level 17. HP: 165/166 MP: 17/17
 23955 | Spider:3 | Reached skill level 10 in Shields
 24483 | Shoals:1 | Entered Level 1 of the Shoals
 24542 | Shoals:1 | Noticed Jorgrun
 24566 | Shoals:1 | Killed Jorgrun
 25265 | Shoals:2 | Found Zyimarr's Antique Armour Emporium.
 25335 | Shoals:2 | Identified the amulet "Orostum" {Reflect -Tele rElec Regen+
                  | SH+5}
 25525 | Shoals:2 | Bought a runed plate armour for 676 gold pieces
 26003 | Shoals:2 | Acquired 865 gold pieces
 26038 | Shoals:3 | Noticed a kraken
 26056 | Shoals:3 | Killed a kraken
 26057 | Shoals:3 | Reached skill level 5 in Dodging
 26231 | Shoals:3 | Found Amuth's Armour Emporium.
 26246 | Shoals:3 | Bought a +2 pair of boots of flying for 365 gold pieces
 26674 | Shoals:4 | Entered Level 4 of the Shoals
 26694 | Shoals:4 | Found a glowing golden altar of the Shining One.
 26722 | Shoals:4 | Reached XP level 18. HP: 144/176 MP: 18/18
 26786 | Shoals:4 | Found a white marble altar of Elyvilon.
 26888 | Shoals:4 | Found a glowing silver altar of Zin.
 26960 | Shoals:4 | Got a barnacled rune of Zot
 27114 | Shoals:4 | Identified the staff of the Shoals {rPois Dex+4 Alchemy}
 27387 | Spider:4 | Entered Level 4 of the Spider Nest
 28384 | Spider:4 | Got a gossamer rune of Zot
 28632 | Elf:1    | Entered Level 1 of the Elven Halls
 28662 | Elf:1    | Paralysed by an air elemental for 1 turns
 28666 | Elf:1    | Reached skill level 15 in Shields
 28667 | Elf:1    | Paralysed by an air elemental for 1 turns
 28796 | Elf:1    | Paralysed by an air elemental for 1 turns
 29029 | Elf:1    | Noticed Frances
 29031 | Elf:1    | Paralysed by an air elemental for 1 turns
 29032 | Elf:1    | Identified the serpent talisman "Hiusy" {rN+}
 29032 | Elf:1    | Noticed Aizul
 29034 | Elf:1    | Paralysed by an air elemental for 1 turns
 29038 | Elf:1    | Killed Frances
 29043 | Elf:1    | Killed Aizul
 29313 | Elf:1    | Paralysed by an air elemental for 1 turns
 29328 | Elf:1    | Reached XP level 19. HP: 168/185 MP: 19/19
 29398 | Elf:1    | Got the Omnibus of Guile and the Wendigo
 29585 | Elf:2    | Found Kotwimut's Weapon Emporium.
 29745 | Elf:2    | Found a runed translucent gate.
 29745 | Elf:2    | Found a runed translucent gate.
 29759 | Elf:2    | Found a runed translucent gate.
 30392 | Elf:2    | Reached skill level 15 in Evocations
 30656 | Elf:2    | Identified the blade talisman of the Distant Future {rC+
                  | Int+5 Dex-4}
 30824 | Elf:3    | Entered Level 3 of the Elven Halls
 31330 | Elf:3    | Found Uxziomua's Magic Scroll Boutique.
 31333 | Elf:3    | Bought a scroll of blinking for 105 gold pieces
 31333 | Elf:3    | Bought 2 scrolls of immolation for 112 gold pieces
 31333 | Elf:3    | Bought a scroll of fear for 56 gold pieces
 31560 | Elf:3    | Identified the +2 pair of boots "Tiev" {Rampage Str+3}
 31888 | Elf:3    | Identified the +5 ring mail "Noar" {Fly}
 31916 | Elf:3    | Reached XP level 20. HP: 193/193 MP: 20/20
 31982 | Elf:3    | Identified the +5 ring mail of Minor Irritation {-Tele
                  | rElec rPois rC+}
 32098 | Elf:3    | Identified the staff "Taath" {rN+ rCorr Int-3 Stlth+ Necro
                  | Air}
 32110 | Elf:3    | Got the Vellum of the Valley of Death
 32118 | Elf:3    | Identified the +9 spear of Skirmishing {heavy, Str+4 Dex+4}
 32181 | Elf:3    | Identified the +4 leather armour of Discretion {rN+ Dex+3
                  | Stlth+}
 32208 | Elf:3    | Got the Compilation of the Xenolith
 32687 | Vaults:1 | Entered Level 1 of the Vaults
 32979 | Vaults:1 | Noticed Asterion
 33531 | Vaults:1 | Found a huge runed translucent gate.
 33531 | Vaults:1 | Found a huge runed translucent gate.
 33531 | Vaults:1 | Found a huge runed translucent gate.
 33531 | Vaults:1 | Found a huge runed translucent gate.
 33531 | Vaults:1 | Found a huge runed translucent gate.
 33531 | Vaults:1 | Found a huge runed translucent gate.
 33532 | Vaults:1 | Found a huge runed translucent gate.
 33532 | Vaults:1 | Found a huge runed translucent gate.
 33532 | Vaults:1 | Found a huge runed translucent gate.
 33533 | Vaults:1 | Found a huge runed translucent gate.
 33533 | Vaults:1 | Found a huge runed translucent gate.
 33533 | Vaults:1 | Found a huge runed translucent gate.
 33533 | Vaults:1 | Found a huge runed translucent gate.
 33534 | Vaults:1 | Found a huge runed translucent gate.
 33535 | Vaults:1 | Found a huge runed translucent gate.
 33535 | Vaults:1 | Found a huge runed translucent gate.
 33535 | Vaults:1 | Found a huge runed translucent gate.
 33537 | Vaults:1 | Found a huge runed translucent gate.
 33538 | Vaults:1 | Found a huge runed translucent gate.
 33539 | Vaults:1 | Found a huge runed translucent gate.
 33539 | Vaults:1 | Found a huge runed translucent gate.
 33558 | Vaults:1 | Found a huge runed translucent gate.
 33559 | Vaults:1 | Found a huge runed translucent gate.
 33560 | Vaults:1 | Found a huge runed translucent gate.
 33560 | Vaults:1 | Found a huge runed translucent gate.
 33562 | Vaults:1 | Found a huge runed translucent gate.
 33563 | Vaults:1 | Found a huge runed translucent gate.
 33564 | Vaults:1 | Found a huge runed translucent gate.
 33565 | Vaults:1 | Found a huge runed translucent gate.
 33565 | Vaults:1 | Found a huge runed translucent gate.
 33570 | Vaults:1 | Found a huge runed translucent gate.
 33571 | Vaults:1 | Found a huge runed translucent gate.
 33571 | Vaults:1 | Found a huge runed translucent gate.
 33571 | Vaults:1 | Found a huge runed translucent gate.
 33571 | Vaults:1 | Found a huge runed translucent gate.
 33573 | Vaults:1 | Found a huge runed translucent gate.
 33854 | Vaults:1 | Found Idoaphieqo's Book Shop.
 33948 | Vaults:1 | Found a huge runed translucent gate.
 34013 | Vaults:1 | Found Idoaphieqo's Book Shop.
 34619 | Vaults:1 | Killed Asterion
 34823 | Vaults:2 | Found a glowing golden altar of the Shining One.
 34987 | Vaults:2 | Noticed Zenata
 34995 | Vaults:2 | Killed Zenata
 35908 | Vaults:2 | Found a staircase to the Crypt.
 35908 | Vaults:2 | Found an ancient bone altar of Kikubaaqudgha.
 35909 | Vaults:2 | Found a basalt altar of Yredelemnul.
 36327 | Vaults:3 | Reached XP level 21. HP: 186/203 MP: 21/21
 36800 | Vaults:3 | Noticed Saint Roka
 36812 | Vaults:3 | Gained mutation: You are occasionally teleported next to
                  | monsters. [a neqoxec]
 36833 | Vaults:3 | Killed Saint Roka
 36841 | Vaults:2 | Lost mutation: You are occasionally teleported next to
                  | monsters. [potion of mutation]
 36841 | Vaults:2 | Gained mutation: You occasionally shout uncontrollably at
                  | your foes. [potion of mutation]
 36841 | Vaults:2 | Gained mutation: Your body sometimes deteriorates upon
                  | taking damage. [potion of mutation]
 36842 | Vaults:2 | Lost mutation: You occasionally shout uncontrollably at
                  | your foes. [potion of mutation]
 36842 | Vaults:2 | Lost mutation: Your body sometimes deteriorates upon taking
                  | damage. [potion of mutation]
 36842 | Vaults:2 | Gained mutation: Your mind is acute. (Int +4, Str/Dex -1)
                  | [potion of mutation]
 37003 | Vaults:3 | Identified the ring of Ceffunwy {Fire Will+++ Slay-2
                  | Stlth+}
 37057 | Vaults:3 | Noticed Norris
 37096 | Vaults:3 | Killed Norris
 37337 | Vaults:3 | Paralysed by a sphinx for 4 turns
 37385 | Vaults:3 | Noticed Margery
 37420 | Vaults:3 | Killed Margery
 38157 | Vaults:4 | Noticed a golden dragon
 38242 | Vaults:4 | Killed a golden dragon
 38309 | Vaults:4 | Reached XP level 22. HP: 207/215 MP: 22/22
 38379 | Vaults:4 | Identified the +5 scale mail of Lethargy {Rampage MP+9
                  | Int+4}
 38810 | Vaults:4 | Paralysed by a formless jellyfish for 1 turns
 38997 | Depths:1 | Entered Level 1 of the Depths
 39007 | Depths:1 | Identified the dragon-blood talisman of Vehumet's
                  | Inspiration {rN+ Str+2}
 39007 | Depths:1 | Noticed Bai Suzhen
 39026 | Depths:1 | Found a transporter.
 39028 | Depths:1 | Noticed Sojobo
 39033 | Depths:1 | Noticed a golden dragon
 39056 | Depths:1 | Killed Bai Suzhen
 39125 | Depths:2 | Found a one-way gate leading to the halls of Pandemonium.
 39177 | Depths:2 | Reached skill level 10 in Dodging
 39218 | Depths:2 | Found a shadowy altar of Dithmenos.
 39319 | Depths:2 | Noticed a golden dragon
 39340 | Depths:2 | Killed a golden dragon
 39394 | Depths:1 | Identified the +5 scale mail of Idealism {Slay+2}
 39424 | Depths:1 | Found a glowing golden altar of the Shining One.
 39550 | Depths:1 | Killed Sojobo
 39556 | Depths:1 | Killed a golden dragon
 39562 | Depths:1 | Found a gateway to Hell.
 39760 | Depths:2 | Found Lite's Distillery.
 39854 | Depths:2 | Noticed a caustic shrike
 39872 | Depths:2 | Killed a caustic shrike
 40017 | Depths:2 | Noticed a juggernaut
 40037 | Depths:2 | Killed a juggernaut
 40038 | Depths:2 | Reached XP level 23. HP: 159/225 MP: 23/23
 40813 | Depths:3 | Found a one-way gate to the infinite horrors of the Abyss.
 40905 | Depths:3 | Found Xobruex's Assorted Antiques.
 40907 | Depths:3 | Found Ikeopeyq's Antique Weapon Emporium.
 40909 | Depths:3 | Found Avuwipo's Armour Shoppe.
 40915 | Depths:3 | Bought the amulet of Vitality {RegenMP++ Regen++} for 4300
                  | gold pieces
 40915 | Depths:3 | Found the amulet of Vitality {RegenMP++ Regen++}
 41786 | Depths:2 | Bought a potion of mutation for 104 gold pieces
 41839 | Depths:4 | Entered Level 4 of the Depths
 41925 | Depths:4 | Found a gate to the Realm of Zot.
 42016 | Depths:4 | Got a midnight gem with 70 turns to spare
 42093 | Depths:4 | Paralysed by a Zot trap for 2 turns
 42268 | Depths:4 | Found a one-way gateway to a ziggurat.
 43079 | Vaults:5 | Entered Level 5 of the Vaults
 43082 | Vaults:5 | Noticed an ancient lich
 43097 | Vaults:5 | Killed an ancient lich
 43186 | Vaults:5 | Identified the +2 flail of Severance {freeze, rN+}
 43544 | Vaults:5 | Noticed a dread lich
 43545 | Vaults:5 | Paralysed by a dread lich for 3 turns
 43570 | Vaults:5 | Killed a dread lich
 43579 | Vaults:5 | Reached XP level 24. HP: 227/237 MP: 23/23
 43753 | Vaults:5 | Identified the +4 scale mail of Noughts and Crosses {Str+2}
 44032 | Vaults:5 | Identified the staff of Pomogeoz {rPois rF+ Will+ Dex+2
                  | Alchemy}
 44156 | Vaults:5 | Identified the +2 ring mail of Noughts and Crosses {Slay+5}
 44160 | Vaults:5 | Got a silver rune of Zot
 44393 | Vaults:5 | Identified the +7 flail "Gideist" {heavy, rF+ Stlth+}
 44526 | Vaults:5 | Identified the +0 plate armour "Kudghebu" {+Inv rPois
                  | Int+2}
 44891 | Depths:3 | Bought the +2 helmet of the Slug {rC+ rN+ Str+3} for 663
                  | gold pieces
 45227 | Orc:2    | Bought a scroll of enchant armour for 135 gold pieces
 45227 | Orc:2    | Bought a potion of heal wounds for 90 gold pieces
 45387 | D:6      | Bought a scroll of enchant armour for 112 gold pieces
 45387 | D:6      | Bought a scroll of teleportation for 45 gold pieces
 45387 | D:6      | Bought a scroll of teleportation for 45 gold pieces
 45387 | D:6      | Bought a scroll of fear for 60 gold pieces
 45387 | D:6      | Bought a scroll of revelation for 112 gold pieces
 45757 | Crypt:1  | Entered Level 1 of the Crypt
 46196 | Crypt:1  | Noticed a royal mummy
 46214 | Crypt:1  | Killed a royal mummy
 46282 | Crypt:1  | Noticed a royal mummy
 46439 | Crypt:1  | Killed a royal mummy
 46439 | Crypt:1  | Noticed a royal mummy
 46467 | Crypt:1  | Killed a royal mummy
 46944 | Crypt:1  | Found the +7 sceptre of Torment {pain, torment}
 47231 | Crypt:2  | Identified the +0 leather armour of the Blue Skies {Rampage
                  | rC+ Int+8 Dex-2}
 47360 | Crypt:2  | Noticed Khufu
 47363 | Crypt:2  | Noticed a royal mummy
 47370 | Crypt:2  | Killed Khufu
 47372 | Crypt:2  | Noticed a royal mummy
 47373 | Crypt:2  | Killed a royal mummy
 47380 | Crypt:2  | Killed a royal mummy
 48333 | Crypt:3  | Entered Level 3 of the Crypt
 48379 | Crypt:3  | Acquired the +9 broad axe "Impslayer" {freeze, Dex+6}
 48604 | Crypt:3  | Reached XP level 25. HP: 239/248 MP: 23/23
 48877 | Crypt:3  | Noticed an ancient lich
 48889 | Crypt:3  | Killed an ancient lich
 49098 | Crypt:3  | Identified the staff "Concordance" {Will+ Dex+3 Tloc Earth}
 49280 | Crypt:3  | Found a staircase to the Tomb.
 49602 | Crypt:3  | Identified the staff of Beadeah {rPois rF+ Will- SInv Summ
                  | Fire}
 49621 | Crypt:3  | Upgraded the game from 0.32-a0-314-g526f7d4993 to
                  | 0.32-a0-329-ge6c31236d6
 50127 | Slime:1  | Entered Level 1 of the Pits of Slime
 50469 | Slime:4  | Gained mutation: Armour fits poorly on your strangely
                  | shaped body. [a shining eye]
 50486 | Slime:5  | Entered Level 5 of the Pits of Slime
 50567 | Slime:4  | Reached skill level 15 in Dodging
 50570 | Slime:4  | Reached skill level 1 in Shapeshifting
 50848 | Slime:5  | Noticed the Royal Jelly
 51071 | Slime:5  | the Royal Jelly changed into a shard shrike shaped Royal
                  | Jelly
 51071 | Slime:5  | Noticed a shard shrike shaped Royal Jelly
 51073 | Slime:5  | Killed a shard shrike shaped Royal Jelly
 51477 | Slime:5  | Got a slimy rune of Zot
 51478 | Slime:5  | Identified the +4 dagger of Radicalism {freeze, SInv}
 51487 | Slime:5  | Identified the +5 ring mail of Bedevilment {*Corrode Slay+5
                  | Stlth+}
 51492 | Slime:5  | Identified the +0 cloak "Icweriep" {Dex+2 SInv}
 51512 | Slime:5  | Identified the ring "Cirhepass" {rC- Will+ Str+6 Dex+4}
 51515 | Slime:5  | Identified the +8 whip of the Blind Eye {vamp, Will+++
                  | Str-3 Stlth+}
 51519 | Slime:5  | Identified the +0 ring mail of Faus {Dex+3}
 51537 | Slime:5  | Identified the +7 great sword of Etufiyj {drain, rN+ Str+4}
 51960 | D:13     | Reached skill level 27 in Armour
 52044 | D:13     | Killed partyrob117's ghost
 52075 | D:13     | Identified the +10 mace of No Interval {drain, rElec Dex+2}
 52245 | Orc:1    | Found a transporter.
 52245 | Orc:1    | Found a runed translucent door.
 52245 | Orc:1    | Found a bloodstained altar of Trog.
 52245 | Orc:1    | Found the +8 Wrath of Trog {antimagic, *Rage Rampage}
 52318 | Orc:1    | Identified the +3 great sword of Distraction {heavy, rC++
                  | rCorr}
 52320 | Orc:1    | Identified the +7 plate armour of Undesirable Species {+Inv
                  | rF+ Will- Stlth+}
 52850 | Hell     | Entered the Vestibule of Hell
 52850 | Hell     | Noticed Geryon
 52859 | Hell     | Reached XP level 26. HP: 260/260 MP: 23/23
 52939 | Hell     | Killed Geryon
 52956 | Hell     | Reached skill level 5 in Shapeshifting
 53026 | Hell     | Found a gateway to the Iron City of Dis.
 53148 | Hell     | Found a gateway to the decaying netherworld of Tartarus.
 53210 | Hell     | Found a gateway to the ashen valley of Gehenna.
 53288 | Hell     | Found a gateway to the freezing wastes of Cocytus.
 53427 | Depths:3 | Voluntarily entered the Abyss.
 53434 | Abyss:1  | Found a corrupted altar of Lugonu.
 53508 | Abyss:1  | Found a corrupted altar of Lugonu.
 53531 | Abyss:1  | Found a corrupted altar of Lugonu.
 54393 | Abyss:3  | Found a corrupted altar of Lugonu.
 54415 | Abyss:3  | Noticed an ancient lich
 54431 | Abyss:3  | Killed an ancient lich
 54848 | Abyss:3  | Paralysed by accursed screaming for 1 turns
 54872 | Abyss:3  | Got an abyssal rune of Zot
 54889 | Abyss:3  | Noticed a dread lich
 54905 | Abyss:3  | Killed a dread lich
 54973 | Abyss:3  | Reached XP level 27. HP: 271/271 MP: 23/23
 54993 | Depths:3 | Escaped the Abyss
 55050 | Pan      | Entered Pandemonium
 55198 | Pan      | Found an exit through the horrors of the Abyss.
 55340 | Pan      | Entered the realm of Gloorx Vloq.
 55758 | Pan      | Reached skill level 27 in Fighting
 56131 | Abyss:3  | Cast into level 3 of the Abyss (reaper)
 56156 | Pan      | Escaped the Abyss
 56661 | Pan      | Noticed Gloorx Vloq
 56688 | Pan      | Killed Gloorx Vloq
 56795 | Pan      | Got a dark rune of Zot
 57046 | Pan      | Learned a level 1 spell: Apportation
 57408 | Pan      | Reached skill level 10 in Shapeshifting
 57656 | Pan      | Noticed a seraph
 57673 | Pan      | Killed a seraph
 57764 | Pan      | Identified the ring "Bikethon" {Fire rPois Str+3}
 57764 | Pan      | Identified the +9 quarterstaff "Zaach" {flame, rC- Dex+2
                  | SInv}
 57776 | Pan      | Found a glowing golden altar of the Shining One.
 57813 | Pan      | Identified the +6 short sword "Qocath" {flame, rN+ Will++
                  | rCorr Int+3}
 57815 | Pan      | Got a demonic rune of Zot
 57816 | Pan      | Identified the amulet "Wyday" {Faith rCorr}
 57822 | Pan      | Identified the +8 short sword of Ylidac {speed, rN+ Int+3}
 57829 | Pan      | Identified the +7 flail "Coroc" {drain, rF- rC+ Str-2
                  | Dex+6}
 57836 | Pan      | Got the Incunable of the Entourage
 57838 | Pan      | Identified the +6 whip "Imeene" {chaos, rF+ SInv}
 57886 | Pan      | Reached skill level 1 in Maces & Flails
 58098 | Pan      | Identified the +1 robe of Thoughtfulness {Regen+ Int+3}
 58246 | Pan      | Found a glowing silver altar of Zin.
 58679 | Pan      | Reached skill level 27 in Shields
 58839 | Pan      | Found a white marble altar of Elyvilon.
 58839 | Pan      | Identified the +5 tower shield of Bitterness {SInv}
 59151 | Depths:2 | Escaped Pandemonium
 60537 | Pan      | Entered Pandemonium
 60737 | Pan      | Found an exit through the horrors of the Abyss.
 61137 | Pan      | Noticed Ottuvaeg the pandemonium lord
 61164 | Pan      | Killed Ottuvaeg the pandemonium lord
 61771 | Pan      | Identified the +10 trident of Jaeb {vamp, rC+ MP+9}
 61853 | Pan      | Found a runed translucent door.
 61863 | Pan      | Found a runed translucent door.
 61865 | Pan      | Found a runed translucent door.
 61915 | Pan      | Found an exit through the horrors of the Abyss.
 61967 | Pan      | Gained mutation: You are vulnerable to cold. (rC-) [a
                  | cacodemon]
 61994 | Pan      | Found a runed translucent door.
 62030 | Pan      | Noticed Tykues the pandemonium lord
 62067 | Pan      | Killed Tykues the pandemonium lord
 62124 | Pan      | Identified the +2 cloak of the Blizzard {Rampage ^Drain
                  | rElec}
 62245 | Pan      | Found a corrupted altar of Lugonu.
 62370 | Pan      | Identified the +10 plate armour of Creativity {Dex+2}
 62934 | Pan      | Entered the realm of Cerebov.
 63422 | Pan      | Identified the staff of the Eternal Warrior {rElec rN+
                  | Will+ Int+2 Necro}
 63423 | Pan      | Identified the +8 glaive "Spiderbane" {heavy, rPois rN+}
 63765 | Pan      | Identified the +7 war axe of Sudden Death {flame, rC+
                  | Will+}
 63775 | Pan      | Identified the +6 shortbow "Rothrat" {heavy, Will+ rCorr
                  | Int+3}
 63909 | Pan      | Found the +6 sword of Cerebov {flame}
 63909 | Pan      | Noticed Cerebov
 64300 | Pan      | Paralysed by accursed screaming for 1 turns
 64494 | Pan      | Killed Cerebov
 64706 | Pan      | Got a fiery rune of Zot
 64770 | Pan      | Identified the staff of Painful Death {rC+ MP+9 Str+8 Dex-5
                  | Ice Earth}
 64773 | Pan      | Identified the +6 whip of the Skies Above {freeze, Stlth+}
 64866 | Pan      | Entered the realm of Mnoleg.
 64927 | Pan      | Noticed Mnoleg
 64954 | Pan      | Killed Mnoleg
 65002 | Pan      | Got a glowing rune of Zot
 65067 | Pan      | Entered the realm of Lom Lobon.
 65126 | Pan      | Reached skill level 15 in Shapeshifting
 65584 | Pan      | Noticed Lom Lobon
 65600 | Pan      | Killed Lom Lobon
 65635 | Pan      | Got a magical rune of Zot
 65803 | Pan      | Identified the +1 shortbow of the Coward {speed, Int+3}
 66099 | Pan      | Found an exit through the horrors of the Abyss.
 66666 | Pan      | Acquired a manual of Shapeshifting
 66674 | Pan      | Acquired the +0 pair of gloves of Ethics {rF+ Int+4 Slay+2
                  | SInv}
 67160 | Pan      | Noticed Safat the pandemonium lord
 67888 | Pan      | Noticed Areafi the pandemonium lord
 67918 | Pan      | Noticed Ignacio
 67927 | Pan      | Killed Ignacio
 68097 | Pan      | Noticed Sots the pandemonium lord
 68232 | Pan      | Identified the +0 cloak of Poor Excuses {rN+}
 68437 | Pan      | Noticed Mury the pandemonium lord
 68457 | Pan      | Killed Mury the pandemonium lord
 68771 | Pan      | Found an exit through the horrors of the Abyss.
 69055 | Pan      | Found an exit through the horrors of the Abyss.
 69070 | Pan      | Identified the +10 shortbow "Mekixzagh" {flame, rF++}
 69115 | Pan      | Identified the +3 kite shield of Conscience {rCorr}
 69697 | Pan      | Identified the +0 cloak of Ashenzari's Respect {-Tele Harm
                  | Dex+6}
 69719 | Pan      | Found a one-way gate to the infinite horrors of the Abyss.
 69727 | Pan      | Found a corrupted altar of Lugonu.
 69874 | Pan      | Noticed Ykehe the pandemonium lord
 69917 | Pan      | Voluntarily entered the Abyss.
 69926 | Pan      | Escaped the Abyss
 69950 | Pan      | Killed Ykehe the pandemonium lord
 69956 | Pan      | Voluntarily entered the Abyss.
 69968 | Abyss:3  | Noticed a dread lich
 69988 | Abyss:3  | Killed a dread lich
 70128 | Pan      | Escaped the Abyss
 70161 | Pan      | Noticed Vecuwk the pandemonium lord
 70374 | Pan      | Killed Vecuwk the pandemonium lord
 70415 | Pan      | Identified the +3 scale mail of Uskayaw's Reproof {Dex+6}
 70578 | Pan      | Found an exit through the horrors of the Abyss.
 70668 | Pan      | Noticed Oppuy the pandemonium lord
 70675 | Pan      | Gained mutation: You are agile. (Dex +4, Str/Int -1) [a
                  | neqoxec]
 70677 | Pan      | Gained mutation: You occasionally lose the ability to drink
                  | potions when taking damage. [a neqoxec]
 70860 | Pan      | Killed Oppuy the pandemonium lord
 70887 | Pan      | Gained mutation: You have hidden genetic potential. [a
                  | neqoxec]
 70901 | Pan      | Identified the +9 mace "Ogaujoowk" {elec, rPois rN+}
 71306 | Depths:2 | Escaped Pandemonium
 71634 | Crypt:3  | Lost mutation: Your mind is acute. (Int +4, Str/Dex -1)
                  | [potion of mutation]
 71634 | Crypt:3  | Lost mutation: You occasionally lose the ability to drink
                  | potions when taking damage. [potion of mutation]
 71634 | Crypt:3  | Gained mutation: You are partially covered in iridescent
                  | scales. (AC +2) [potion of mutation]
 71635 | Crypt:3  | Lost mutation: You have hidden genetic potential. [potion
                  | of mutation]
 71635 | Crypt:3  | Lost mutation: Armour fits poorly on your strangely shaped
                  | body. [potion of mutation]
 71635 | Crypt:3  | Lost mutation: You are partially covered in iridescent
                  | scales. (AC +2) [potion of mutation]
 71635 | Crypt:3  | Gained mutation: You are frail. (-10% HP) [potion of
                  | mutation]
 71635 | Crypt:3  | Gained mutation: You are partially covered in iridescent
                  | scales. (AC +2) [potion of mutation]
 71636 | Crypt:3  | Lost mutation: You are frail. (-10% HP) [potion of
                  | mutation]
 71636 | Crypt:3  | Lost mutation: You are vulnerable to cold. (rC-) [potion of
                  | mutation]
 71636 | Crypt:3  | Lost mutation: You are partially covered in iridescent
                  | scales. (AC +2) [potion of mutation]
 71636 | Crypt:3  | Lost mutation: You are agile. (Dex +4, Str/Int -1) [potion
                  | of mutation]
 72022 | Zot:1    | Entered Level 1 of the Realm of Zot
 72053 | Zot:1    | Reached skill level 1 in Spellcasting
 72172 | Zot:1    | Identified the +7 battleaxe of the Eight Mice {elec, rN+
                  | Dex+3}
 72178 | Zot:1    | Noticed an orb of fire
 72199 | Zot:1    | Killed an orb of fire
 72470 | Zot:1    | Identified the +4 rapier "Rellamp" {flame, rF+ rN+ Str+5}
 72843 | Zot:2    | Noticed Parghit
 72873 | Zot:2    | Killed Parghit
 73178 | Zot:2    | Noticed an orb of fire
 73194 | Zot:2    | Killed an orb of fire
 73570 | Zot:2    | Reached skill level 5 in Spellcasting
 74102 | Zot:3    | Noticed Grunn
 74143 | Zot:3    | Killed Grunn
 74221 | Zot:3    | Identified the +9 great sword "Ogam" {vamp, *Noise rPois
                  | rF+ Str+2}
 74537 | Zot:3    | Found a transporter.
 74603 | Zot:3    | Found a transporter.
 75129 | Zot:5    | Entered Level 5 of the Realm of Zot
 75717 | Zot:5    | Noticed an orb of fire
 75720 | Zot:5    | Noticed an ancient lich
 75731 | Zot:5    | Noticed an orb of fire
 75743 | Zot:5    | Killed an orb of fire
 75744 | Zot:5    | Killed an orb of fire
 75753 | Zot:5    | Killed an ancient lich
 75795 | Zot:5    | Noticed an orb of fire
 75806 | Zot:5    | Killed an orb of fire
 75832 | Zot:5    | Noticed an orb of fire
 75832 | Zot:5    | Noticed an orb of fire
 75836 | Zot:5    | Killed an orb of fire
 75837 | Zot:5    | Killed an orb of fire
 75866 | Zot:5    | Reached skill level 10 in Spellcasting
 76325 | Coc:1    | Entered Level 1 of Cocytus
 76703 | Coc:2    | Paralysed by a wendigo for 1 turns
 76945 | Coc:3    | Noticed an ancient lich
 76961 | Coc:3    | Killed an ancient lich
 77456 | Coc:4    | Paralysed by a wendigo for 1 turns
 77857 | Coc:5    | You fall into a shaft and drop 1 floor!
 78106 | Coc:7    | Entered Level 7 of Cocytus
 79031 | Coc:7    | Paralysed by a wendigo for 1 turns
 79076 | Coc:7    | Paralysed by a wendigo for 1 turns
 79109 | Coc:7    | Paralysed by a wendigo for 1 turns
 79126 | Coc:7    | Paralysed by a wendigo for 1 turns
 79201 | Coc:7    | Paralysed by a wendigo for 1 turns
 79204 | Coc:7    | Noticed Antaeus
 79232 | Coc:7    | Killed Antaeus
 79263 | Coc:7    | Got an icy rune of Zot
 79274 | Coc:7    | Identified the +1 great mace "Ryremeacw" {holy, Dex+3}
 79325 | Coc:7    | Identified the amulet of Bolin {Faith rElec Str+3 Dex+2}
 79327 | Coc:7    | Identified the +7 hand axe "Koshrowuku" {flame, SInv}
 79908 | Zig:1    | Entered Level 1 of a ziggurat
 79922 | Zig:2    | Entered Level 2 of a ziggurat
 79936 | Zig:2    | Got the Writings on Enchanting Ice
 79944 | Zig:3    | Entered Level 3 of a ziggurat
 79981 | Zig:4    | Entered Level 4 of a ziggurat
 80020 | Zig:5    | Entered Level 5 of a ziggurat
 80053 | Zig:6    | Entered Level 6 of a ziggurat
 80057 | Zig:6    | Noticed a dread lich
 80069 | Zig:6    | Killed a dread lich
 80075 | Zig:6    | Identified the ring "Ighuc" {rElec rC+ Str+3}
 80078 | Zig:6    | Got the Handbook of Momentum
 80087 | Zig:7    | Entered Level 7 of a ziggurat
 80148 | Zig:8    | Entered Level 8 of a ziggurat
 80214 | Zig:9    | Entered Level 9 of a ziggurat
 80252 | Zig:9    | Identified the staff of Malum Prohibitum {rF+ Stlth+ Fire}
 80281 | Zig:10   | Entered Level 10 of a ziggurat
 80360 | Zig:10   | Identified the +4 morningstar "Zumyr" {flame, rF+}
 80386 | Zig:11   | Entered Level 11 of a ziggurat
 80482 | Zig:12   | Entered Level 12 of a ziggurat
 80570 | Zig:13   | Entered Level 13 of a ziggurat
 80578 | Zig:13   | Noticed Soyclili the pandemonium lord
 80609 | Zig:13   | Killed Soyclili the pandemonium lord
 80610 | Zig:13   | Reached skill level 27 in Shapeshifting
 80653 | Zig:13   | Identified the +9 sling of the Sneaky Friars {flame, rF++}
 80689 | Zig:14   | Entered Level 14 of a ziggurat
 80762 | Zig:14   | Identified the ring "Usualew" {EV+5 Str+9}
 80817 | Zig:15   | Entered Level 15 of a ziggurat
 80823 | Zig:15   | Noticed an orb of fire
 80828 | Zig:15   | Noticed an orb of fire
 80831 | Zig:15   | Killed an orb of fire
 80836 | Zig:15   | Killed an orb of fire
 80868 | Zig:15   | Identified the +7 falchion of Destiny {freeze, rC+++ rN+++
                  | Str-5 Stlth-}
 80871 | Zig:15   | Identified the +3 quarterstaff of the Priest {protect,
                  | ^Fragile Will+++ Dex+4}
 80875 | Zig:15   | Identified the +7 plate armour of Lilacs {rPois Will++
                  | rCorr Int-5 Dex+2}
 80918 | Zig:16   | Entered Level 16 of a ziggurat
 80929 | Zig:16   | Paralysed by an air elemental for 1 turns
 81017 | Zig:16   | Identified the ring "Soevukha" {rPois Str+3 Int+9}
 81024 | Zig:16   | Got Lafiz's Tractate on the Undead Bonfire
 81029 | Zig:16   | Identified the staff of the Valley of Death {rC+ Dex+2 Fire
                  | Ice}
 81078 | Zig:17   | Entered Level 17 of a ziggurat
 81096 | Zig:17   | Noticed an ancient lich
 81097 | Zig:17   | Noticed a dread lich
 81097 | Zig:17   | Noticed an ancient lich
 81102 | Zig:17   | Killed an ancient lich
 81115 | Zig:17   | Killed a dread lich
 81122 | Zig:17   | Killed an ancient lich
 81172 | Zig:17   | Identified the +9 double sword of Diquf {freeze, *Slow
                  | rPois rF- rCorr}
 81220 | Zig:18   | Entered Level 18 of a ziggurat
 81259 | Zig:18   | Found the +9 sword of Power {lifebolt}
 81301 | Zig:18   | Found the +10 morningstar "Eos" {elec, Halo rElec}
 81318 | Zig:18   | Reached skill level 15 in Spellcasting
 81319 | Zig:18   | Identified the +6 short sword of Qazlal's Grace {drain,
                  | rElec rF- Str+6 Int+6}
 81323 | Zig:18   | Identified the ring "Vazxobb" {Will+ Str+6}
 81326 | Zig:18   | Identified the +5 falchion of Micipoq {flame, Will+ rCorr
                  | Str+3}
 81328 | Zig:18   | Identified the staff "Killer Bee's Death" {^Fragile rElec
                  | rF+ rCorr Fire}
 81329 | Zig:18   | Identified the +7 dagger of Eplusol {heavy, rF+++ rC- Str+6
                  | Dex-2}
 81330 | Zig:18   | Identified the amulet "Ykaijemep" {RegenMP Str+3 Int+3
                  | Dex-5}
 81389 | Zig:19   | Entered Level 19 of a ziggurat
 81514 | Zig:19   | Identified the ring "Xeuxat" {rCorr MP+9 Int+3}
 81522 | Zig:19   | Identified the +0 war axe of Omibriop {freeze, *Slow rN++
                  | rCorr Str-4 SInv}
 81528 | Zig:19   | Identified the +3 hand axe "Newnarch" {protect, *Slow rElec
                  | rN++}
 81569 | Zig:20   | Entered Level 20 of a ziggurat
 81679 | Zig:20   | Identified the +7 mace of Putrescence {flame, Dex+3 SInv}
 81705 | Zig:21   | Entered Level 21 of a ziggurat
 81842 | Zig:21   | Found the +16 obsidian axe {drain, demonic, Mesm ^Drain Fly
                  | SInv}
 81849 | Zig:21   | Identified the amulet "Qenumn" {rF- rN+ Regen+ Int+3}
 81886 | Zig:21   | Identified the staff of Xemusoapuf {^Fragile rElec rC++
                  | SInv Air}
 81898 | Zig:21   | Got the Elucidation of Lightning and the Impact
 81973 | Zig:22   | Entered Level 22 of a ziggurat
 82132 | Zig:22   | Identified the +1 robe of Snakes and Ladders {Fly rF+ rC+
                  | Regen+}
 82139 | Zig:22   | Identified the +6 broad axe of Kuidodd {holy, ^Drain rElec
                  | Dex+4}
 82230 | Zig:23   | Entered Level 23 of a ziggurat
 82475 | Zig:23   | Identified the +6 broad axe of the Doomed Warrior {freeze,
                  | rPois Dex+2}
 82477 | Zig:23   | Identified the +4 scale mail of Ifiyc {-Tele rPois MP+9
                  | Stlth+}
 82493 | Zig:23   | Identified the staff "Harrupn" {rPois rN+ Will+ Necro}
 82497 | Zig:23   | Identified the +7 quarterstaff "Ronayhao" {heavy, rPois rF+
                  | Stlth+}
 82498 | Zig:23   | Identified the ring of Spontaneous Combustion {MP+9 Str+3}
 82511 | Zig:23   | Identified the +2 dagger of Buc Ymi {flame, rCorr}
 82568 | Zig:24   | Entered Level 24 of a ziggurat
 82815 | Zig:24   | Identified the +8 scimitar "Hellblazer" {protect, rElec
                  | rF+++ Str-5 Int+2}
 82822 | Zig:24   | Identified the +9 war axe of Proximity {venom, rPois Int+3
                  | Dex+4}
 82833 | Zig:24   | Identified the +2 robe "Qoatey" {Harm Str+5}
 82836 | Zig:24   | Identified the staff "Zioh" {rElec rF++ Int+4 Air}
 82843 | Zig:24   | Identified the +11 mace of Linearity {drain, Will+}
 82882 | Zig:25   | Entered Level 25 of a ziggurat
 82995 | Zig:25   | Noticed Qiogyl the pandemonium lord
 82996 | Zig:25   | Identified the staff "Ogrebane" {rPois rC+ Ice Air}
 82997 | Zig:25   | Identified the ring of Fayplam {^Drain rF+ rN+++ Dex+3
                  | SInv}
 82999 | Zig:26   | Entered Level 26 of a ziggurat
 83077 | Zig:26   | Paralysed by an air elemental for 1 turns
 83105 | Zig:26   | Paralysed by an air elemental for 1 turns
 83108 | Zig:26   | Paralysed by an air elemental for 1 turns
 83134 | Zig:26   | Paralysed by an air elemental for 1 turns
 83241 | Zig:26   | Identified the +5 sling "Ogreslayer" {heavy, rF- Int+4}
 83242 | Zig:26   | Identified the +1 great mace of Duty {speed, rElec rC++
                  | Dex+7}
 83243 | Zig:26   | Identified the staff "Econlen" {rCorr Earth}
 83252 | Zig:26   | Identified the +8 short sword of Terra Cotta {holy, rPois
                  | Int+6}
 83257 | Zig:26   | Identified the +4 mace of Fuakipni {freeze, Str+2 Int+8
                  | Dex-3}
 83262 | Zig:26   | Identified the ring of the Changing Gods {*Slow Fly Will+
                  | rCorr}
 83300 | Zig:27   | Entered Level 27 of a ziggurat
 83316 | Zig:27   | Noticed a dread lich
 83347 | Zig:27   | Killed a dread lich
 83377 | Zig:27   | Noticed an ancient lich
 83403 | Zig:27   | Killed an ancient lich
 83404 | Zig:27   | Noticed a dread lich
 83421 | Zig:27   | Killed a dread lich
 83428 | Zig:27   | Noticed an ancient lich
 83429 | Zig:27   | Noticed a dread lich
 83440 | Zig:27   | Killed an ancient lich
 83440 | Zig:27   | Noticed a dread lich
 83450 | Zig:27   | Killed a dread lich
 83466 | Zig:27   | Noticed a dread lich
 83468 | Zig:27   | Killed a dread lich
 83470 | Zig:27   | Noticed a dread lich
 83489 | Zig:27   | Killed a dread lich
 83501 | Zig:27   | Killed a dread lich
 83586 | Zig:27   | Found the +5 Lochaber axe {reach-cleave, Poleaxe ^Drain}
 83588 | Zig:27   | Found the +2 hood of the Assassin {Detect Stab+ Stlth++}
 83594 | Zig:27   | Identified the +1 helmet of the Lily {rF+ Will- Int+5
                  | Dex+3}
 83620 | Zig:27   | Identified the +6 rapier "Nuul" {pain, rN+}
 83642 | Zig:27   | Identified the +5 chain mail of Ranili {*Slow rPois rF+
                  | Stlth+}
 84143 | Tomb:1   | Entered Level 1 of the Tomb of the Ancients
 84402 | Tomb:1   | Noticed a royal mummy
 84424 | Tomb:1   | Killed a royal mummy
 84485 | Tomb:1   | Noticed a royal mummy
 84530 | Tomb:1   | Killed a royal mummy
 84883 | Tomb:2   | Noticed a royal mummy
 84884 | Tomb:2   | Noticed a royal mummy
 84886 | Tomb:2   | Noticed a royal mummy
 84893 | Tomb:2   | Noticed a royal mummy
 84900 | Tomb:2   | Killed a royal mummy
 84912 | Tomb:2   | Killed a royal mummy
 84926 | Tomb:2   | Killed a royal mummy
 84947 | Tomb:2   | Killed a royal mummy
 84948 | Tomb:2   | Reached skill level 27 in Dodging
 85233 | Tomb:1   | Noticed a royal mummy
 85239 | Tomb:1   | Noticed a royal mummy
 85243 | Tomb:1   | Noticed a royal mummy
 85246 | Tomb:1   | Killed a royal mummy
 85255 | Tomb:1   | Killed a royal mummy
 85259 | Tomb:1   | Noticed a royal mummy
 85273 | Tomb:1   | Killed a royal mummy
 85285 | Tomb:1   | Killed a royal mummy
 85305 | Tomb:1   | Noticed a royal mummy
 85320 | Tomb:1   | Killed a royal mummy
 85322 | Tomb:1   | Noticed a royal mummy
 85324 | Tomb:1   | Noticed a royal mummy
 85329 | Tomb:1   | Noticed a royal mummy
 85333 | Tomb:1   | Killed a royal mummy
 85335 | Tomb:1   | Killed a royal mummy
 85342 | Tomb:1   | Killed a royal mummy
 85375 | Tomb:1   | Noticed a royal mummy
 85378 | Tomb:1   | Noticed a royal mummy
 85392 | Tomb:1   | Killed a royal mummy
 85392 | Tomb:1   | Killed a royal mummy
 85395 | Tomb:1   | Noticed a royal mummy
 85602 | Tomb:1   | Noticed a royal mummy
 85619 | Tomb:1   | Killed a royal mummy
 85662 | Tomb:1   | Noticed a royal mummy
 85663 | Tomb:1   | Noticed a royal mummy
 85663 | Tomb:1   | Noticed a royal mummy
 85674 | Tomb:1   | Killed a royal mummy
 85693 | Tomb:1   | Killed a royal mummy
 85712 | Tomb:1   | Killed a royal mummy
 85757 | Tomb:1   | Noticed a royal mummy
 85762 | Tomb:1   | Noticed a royal mummy
 85769 | Tomb:1   | Killed a royal mummy
 85769 | Tomb:1   | Noticed a royal mummy
 85776 | Tomb:1   | Killed a royal mummy
 85780 | Tomb:1   | Killed a royal mummy
 85801 | Tomb:1   | Killed a royal mummy
 85803 | Tomb:1   | Noticed a royal mummy
 85813 | Tomb:1   | Killed a royal mummy
 86038 | Tomb:3   | Entered Level 3 of the Tomb of the Ancients
 86045 | Tomb:3   | Noticed a royal mummy
 86045 | Tomb:3   | Noticed a royal mummy
 86046 | Tomb:3   | Noticed a royal mummy
 86052 | Tomb:3   | Noticed a royal mummy
 86061 | Tomb:3   | Found the +7 great mace "Firestarter" {flame, immolate,
                  | rFlCloud rF++}
 86097 | Tomb:3   | Killed a royal mummy
 86158 | Tomb:3   | Noticed a royal mummy
 86176 | Tomb:3   | Killed a royal mummy
 86209 | Tomb:3   | Noticed a royal mummy
 86244 | Tomb:3   | Killed a royal mummy
 86248 | Tomb:3   | Killed a royal mummy
 86281 | Tomb:3   | Noticed a royal mummy
 86301 | Tomb:3   | Killed a royal mummy
 86325 | Tomb:3   | Noticed a royal mummy
 86342 | Tomb:3   | Noticed a royal mummy
 86356 | Tomb:3   | Killed a royal mummy
 86373 | Tomb:3   | Killed a royal mummy
 86406 | Tomb:3   | Identified the +5 glaive of the Lost Demons {speed, Int+3}
 86448 | Tomb:3   | Identified the amulet "Laugin" {Spirit *Slow +Inv Str+3
                  | Int+7}
 86450 | Tomb:3   | Identified the +5 sling "Ottaeghu" {speed, ^Drain rPois
                  | Will+++ Dex+3}
 86452 | Tomb:3   | Identified the ring of Eceutid {rF+ Will+ Slay+6 Stlth-}
 86465 | Tomb:3   | Identified the +7 chain mail "Niahieda" {rElec Int-2 Dex+3
                  | Slay+2}
 86483 | Tomb:3   | Killed a royal mummy
 86513 | Tomb:3   | Killed a royal mummy
 86845 | Tomb:3   | Got a golden rune of Zot
 87351 | Tar:1    | Entered Level 1 of Tartarus
 87408 | Tar:1    | You fall into a shaft and drop 1 floor!
 87408 | Tar:2    | Found a huge runed translucent gate.
 87408 | Tar:2    | Found a huge runed translucent gate.
 87408 | Tar:2    | Found a huge runed translucent gate.
 87408 | Tar:2    | Found a huge runed translucent gate.
 87408 | Tar:2    | Found a huge runed translucent gate.
 87408 | Tar:2    | Found a huge runed translucent gate.
 87408 | Tar:2    | Found a huge runed translucent gate.
 87408 | Tar:2    | Found a huge runed translucent gate.
 87409 | Tar:2    | Found a huge runed translucent gate.
 87409 | Tar:2    | Found a huge runed translucent gate.
 87410 | Tar:2    | Found a huge runed translucent gate.
 87411 | Tar:2    | Found a huge runed translucent gate.
 87411 | Tar:2    | Found a huge runed translucent gate.
 87412 | Tar:2    | Found a huge runed translucent gate.
 87413 | Tar:2    | Found a huge runed translucent gate.
 87414 | Tar:2    | Found a huge runed translucent gate.
 87414 | Tar:2    | Found a huge runed translucent gate.
 87427 | Tar:2    | Found a huge runed translucent gate.
 87428 | Tar:2    | Found a huge runed translucent gate.
 87428 | Tar:2    | Found a huge runed translucent gate.
 87428 | Tar:2    | Found a huge runed translucent gate.
 87428 | Tar:2    | Found a huge runed translucent gate.
 87431 | Tar:2    | Found a huge runed translucent gate.
 87450 | Tar:2    | Found a huge runed translucent gate.
 87451 | Tar:2    | Found a huge runed translucent gate.
 87451 | Tar:2    | Found a huge runed translucent gate.
 87453 | Tar:2    | Found a huge runed translucent gate.
 87503 | Tar:2    | Found a huge runed translucent gate.
 87503 | Tar:2    | Found a huge runed translucent gate.
 87504 | Tar:2    | Found a huge runed translucent gate.
 87505 | Tar:2    | Found a huge runed translucent gate.
 87505 | Tar:2    | Noticed a dread lich
 87506 | Tar:2    | Found a huge runed translucent gate.
 87506 | Tar:2    | Noticed a dread lich
 87507 | Tar:2    | Found a huge runed translucent gate.
 87508 | Tar:2    | Found a huge runed translucent gate.
 87508 | Tar:2    | Found a huge runed translucent gate.
 87508 | Tar:2    | Noticed an ancient lich
 87510 | Tar:2    | Found a huge runed translucent gate.
 87845 | Tar:4    | Noticed an ancient lich
 87855 | Tar:4    | Killed an ancient lich
 88398 | Tar:7    | Entered Level 7 of Tartarus
 89383 | Tar:7    | Reached skill level 27 in Evocations
 89718 | Tar:7    | Noticed Ereshkigal
 89732 | Tar:7    | Killed Ereshkigal
 89749 | Tar:7    | Got a bone rune of Zot
 90177 | Tar:7    | Identified the +7 great sword "Odoulal" {vamp, rElec}
 90178 | Tar:7    | Identified the +4 falchion of Overwhelming Force {drain,
                  | rElec rC+ SInv}
 90649 | Dis:1    | Entered Level 1 of the Iron City of Dis
 90661 | Dis:1    | Noticed a dread lich
 90670 | Dis:1    | Killed a dread lich
 91830 | Dis:7    | Entered Level 7 of the Iron City of Dis
 92566 | Dis:7    | Identified the +8 scimitar of Tadey {elec, rPois Int-4
                  | Dex+5}
 92966 | Dis:7    | Noticed the Serpent of Hell
 92980 | Dis:7    | Killed the Serpent of Hell
 93165 | Dis:7    | Noticed Dispater
 93218 | Dis:7    | Killed Dispater
 93255 | Dis:7    | Identified the amulet of Sozageir {Acrobat Dex+8}
 93259 | Dis:7    | Got an iron rune of Zot
 93587 | Geh:1    | Entered Level 1 of Gehenna
 94257 | Geh:7    | Entered Level 7 of Gehenna
 94655 | Geh:7    | Reached skill level 27 in Spellcasting
 94656 | Geh:7    | Reached skill level 1 in Conjurations
 94659 | Geh:7    | Learned a level 2 spell: Blink
 94670 | Geh:7    | Learned a level 3 spell: Dazzling Flash
 94674 | Geh:7    | Learned a level 3 spell: Mephitic Cloud
 94680 | Geh:7    | Learned a level 5 spell: Yara's Violent Unravelling
 94734 | Geh:7    | Reached skill level 1 in Hexes
 94736 | Geh:7    | Reached skill level 1 in Translocations
 94736 | Geh:7    | Reached skill level 1 in Alchemy
 94793 | Geh:7    | Found the +13 sceptre of Asmodeus
 94793 | Geh:7    | Noticed Asmodeus
 94812 | Geh:7    | Killed Asmodeus
 94825 | Geh:7    | Identified the +0 spear of Dufriq {speed, ^Fragile rPois
                  | rN++}
 94927 | Geh:7    | Got an obsidian rune of Zot
 95472 | Zot:5    | Got the Orb of Zot
 95542 | Zot:1    | Noticed Buedax the pandemonium lord
 95588 | Depths:3 | Reached skill level 5 in Conjurations
 95675 | D:14     | Noticed Suanun the pandemonium lord
 96014 | D:$      | Escaped with the Orb!

Illustrated notes

Levels and vault maps discovered:
D:1:      minmay_arrival_cross, layout_rooms
D:2:      layout_basic, st_stairs_12
D:3:      layout_rooms, mainiacjoe_overflow_surrounded_room,
          general_overflow_altar
D:4:      layout_loops_ring, nzn_hepliaklqana_mist_gate, slow_altar_1,
          roderic_serpentine_path, minmay_vboxes, uniq_ijyb, uniq_grinder
D:5:      layout_layer_cave, marbit_many_paths, grunt_temple_overflow_open,
          lemuel_zombie_altar_kikubaaqudgha, minmay_temple_entry_large_hall,
          minmay_misc_feat_columns
D:6:      layout_basic, serial_shops, shop, nicolae_shop_rolling_square,
          nicolae_shop_rolling_square, nicolae_shop_competitors_out_of_business,
          kennysheep_little_box, moated_statue
D:7:      layout_basic, lemuel_tele_altar, blue_anna_alchemist,
          nicolae_shop_sticking_my_neck_out
D:8:      layout_rooms, nicolae_transmutations_shop, uniq_pikel
D:9:      layout_basic, lair_entry_dummy, special_room [special_room_bee]
D:10:     layout_small_grid, erik_orc_4, dk_vineyard_2, st_stairs_3,
          nicolae_twisty_statue_hallways
D:11:     layout_long_grid
D:12:     layout_stronghold, serial_column_ruins, column_ruins_columns_straight,
          column_ruins_open_small, column_ruins_open_large,
          column_ruins_open_large, column_ruins_grid_1
D:13:     layout_roguey, gammafunk_ghost_ooze, gauntlet_entry_generic,
          minmay_beelzebubs_servants, uniq_snorg
D:14:     layout_roguey, david_vaults_5, serial_shops, shop, uniq_azrael,
          uniq_lodul
D:15:     hangedman_depths_entry_civil_slaughter, layout_small_grid, uniq_agnes
Lair:1:   layout_regular_city, nicolae_volcano_entry_lava_flow
Lair:2:   layout_roguey, minmay_shoals_entry_beasts, spider_nest_entry_webs,
          serial_bayou, serial_bayou_pond_e, serial_bayou_ford_a,
          serial_bayou_lake_a, serial_bayou_pond_e,
          hangedman_lair_generics_rect, serial_bayou_shore_b
Lair:3:   layout_chaotic_city, grunt_megastairs_1
Lair:4:   layout_cave_pods, slime_entry_1, kennysheep_rathole, uniq_josephine,
          uniq_rupert
Lair:5:   hangedman_lair_tendril_chambers, layout_regular_city,
          maelrawn_ghost_gauntlet_escape, serial_bayou_crossing
Shoals:1: layout_shoals, uniq_jorgrun
Shoals:2: layout_shoals, serial_shops, nicolae_stop_n_shop_1,
          hangedman_shoal_volcano
Shoals:3: layout_shoals, serial_shops, nicolae_shop_mannequins
Shoals:4: shoals_end_hellmonk_holy_island
Spider:1: nicolae_spider_hilbert_zone_1 [nicolae_spider_hilbert_4_sides_1_open,
          nicolae_spider_hilbert_4_sides_1_open,
          nicolae_spider_hilbert_4_sides_1_open,
          nicolae_spider_hilbert_4_sides_1_open,
          nicolae_spider_hilbert_3_sides_1_open,
          nicolae_spider_hilbert_3_sides_1_open,
          nicolae_spider_hilbert_3_sides_1_open,
          nicolae_spider_hilbert_3_sides_1_open,
          nicolae_spider_hilbert_3_sides_1_open,
          nicolae_spider_hilbert_6_sides_1_open,
          nicolae_spider_hilbert_6_sides_1_open,
          nicolae_spider_hilbert_3_sides_1_open,
          nicolae_spider_hilbert_3_sides_1_open,
          nicolae_spider_hilbert_3_sides_1_open,
          nicolae_spider_hilbert_3_sides_1_open,
          nicolae_spider_hilbert_2_sides_1_open],
          portal_ice_cave_entry_ice_statue_two, nicolae_spider_spiderdrome,
          uniq_mlioglotl
Spider:2: nicolae_spider_hall_of_the_moth_king
Spider:3: layout_spider_delve
Spider:4: grunt_spider_rune_parallel
Slime:1:  layout_caves, cheibrodos_slime_lost_civilization_6
Slime:2:  layout_caves
Slime:3:  layout_caves
Slime:4:  layout_caves
Slime:5:  slime_pit_nicolae_royal_road_to_ruin
Orc:1:    emtedronai_trogs_sanctum, layout_caves, serial_shops,
          nicolae_shop_stone
Orc:2:    st_orc_elflike, layout_diamond_mine
Elf:1:    layout_gridlike, evilmike_minifort, uniq_frances, uniq_aizul
Elf:2:    nicolae_elf_blades_splatter_lattice [nicolae_blade_entry_pointy_end],
          layout_geoelf_octagon, serial_shops, nicolae_shop_hallway_plus,
          lemuel_elevator
Elf:3:    grunt_elf_hall_diamonds, layout_geoelf_castle, serial_shops,
          nicolae_shop_rolled_up, guppyfry_elf_castle
Vaults:1: nicolae_vaults_puzzle_piece, door_vault, nicolae_vaults_meiosis,
          vaults_room_fours, nicolae_vaults_ring_of_whatevers,
          grunt_vaults_hallway_short, vaults_room_pools,
          ontoclasm_vaults_ring_small, layout_vaults_omnigrid, serial_shops,
          shop, uniq_asterion
Vaults:2: nicolae_vaults_tetromino_T_1, ontoclasm_vaults_tryst,
          nicolae_vaults_house_1, nicolae_vaults_trapezoid_lopsided_2,
          nicolae_vaults_off_center_swirl, nicolae_vaults_surprise_closet,
          nicolae_vaults_wrenched, nicolae_vaults_door_testing_chamber,
          lemuel_angel_altar, ontoclasm_vaults_loading_screen,
          minmay_crypt_entry_necro_gods, hangedman_vaults_corner,
          nicolae_vaults_asterisk, layout_vaults_maze_bifur, uniq_zenata
Vaults:3: nicolae_vaults_prndl, vaults_mumra_bighexcomb,
          nicolae_vaults_steering_wheel, hangedman_vaults_river_flow, v_misc_16,
          nicolae_vaults_cochlea, v_misc_19, hangedman_vaults_trim,
          vaults_room_fancy_cross, layout_vaults_ring, uniq_saint_roka,
          uniq_margery, uniq_norris
Vaults:4: ontoclasm_vaults_fault, v_misc_11, nicolae_vaults_turnstiles,
          nicolae_vaults_what_the_h, v_rooms_5, nicolae_vaults_tetromino_T_2,
          dpeg_vaults_pockets_of_resistance, vaults_room_boxed,
          nicolae_vaults_weapon_check, ontoclasm_vaults_ring_square,
          layout_vaults_omnibox
Vaults:5
Crypt:1:  minmay_guarded_unrand_sceptre_of_torment, layout_misc_corridors,
          minmay_misc_feat_alley, grunt_megastairs_5
Crypt:2:  layout_regular_city, uniq_khufu
Crypt:3:  due_elkab, layout_chaotic_city, nicolae_tomb_entry_rubble_hallway
Tomb:1
Tomb:2
Tomb:3
Depths:1: layout_cave_shapes, tso_altar, hell_entry, drop_trap,
          nicolae_diode_basic, uniq_sojobo, uniq_bai_suzhen
Depths:2: hangedman_cross_cluster, layout_honeycomb, serial_shops,
          nicolae_take_the_stairs, hell_entry, pan_entry, nicolae_water_bricks,
          nicolae_dithmenos_shadow_blocks, uniq_josephina
Depths:3: minmay_isolated_rectangles_in_corner, layout_gridlike,
          minmay_room_of_horrors, pf_vacation_house_of_asmodeus, abandoned_shop,
          kennysheep_generic_room_7, minmay_shop_star, minmay_staircase_statues,
          serial_bayou_shore_b
Depths:4: grunt_zot_entry_tricorne, layout_long_grid, enter_ziggurat_a,
          lightli_too_deep
Hell
Dis:1:    layout_gridville
Dis:2:    layout_jigsaw
Dis:3:    layout_gridville
Dis:4:    layout_gridville
Dis:5:    layout_gridville, nicolae_dis_emergency_hatch
Dis:6:    layout_regular_city
Dis:7:    iron_city_of_dis [dis_mu, dis_wall_5], layout_gridville
Geh:1:    layout_gehenna_lava_caves
Geh:2:    hangedman_generic_boss_arena
Geh:3:    layout_gehenna_pools_basic
Geh:4:    layout_gehenna_lava_caves
Geh:5:    layout_gehenna_pools_triple
Geh:6:    layout_gehenna_lava_caves
Geh:7:    geh_old
Coc:1:    layout_ice_bergs
Coc:2:    layout_cocytus_water_paths
Coc:3:    nicolae_coc_three_mouths, layout_cocytus_delve
Coc:4:    layout_cocytus_delve
Coc:5:    layout_ice_bergs, nicolae_coc_icebean_singular
          [nicolae_sub_coc_subbean]
Coc:6:    layout_cocytus_water_paths
Coc:7:    coc_grunt_cove [coc_grunt_cove_antaeus, coc_grunt_cove_fiend,
          coc_grunt_cove_fiend, coc_grunt_cove_fiend, coc_grunt_cove_fiend]
Tar:1:    layout_honeycomb, nicolae_hells_hurtin_island
Tar:2:    layout_grid_maze, door_vault
Tar:3:    layout_cathedral_of_symmetry, nicolae_tar_cuneiform_sun,
          nicolae_tar_cuneiform_not
Tar:4:    layout_grid_maze
Tar:5:    layout_cathedral_of_symmetry, lemuel_nasty_fountain
Tar:6:    layout_grid_maze
Tar:7:    tar_minmay_river
Zot:1:    layout_gridlike, grunt_megastairs_2
Zot:2:    layout_basic, hangedman_spider_trapstep, uniq_parghit
Zot:3:    gammafunk_dig_for_victory, layout_onion,
          regret_index_zotdec_gossamer_parallel, st_stairs_14, uniq_grunn
Zot:4:    layout_misc_corridors
Zot:5:    layout_gridlike

Skill      XL: |  1  2  3  4  5  6  7  8  9 10 11 12 13 14 15 16 17 18 19 20 21 22 23 24 25 26 27 |
---------------+----------------------------------------------------------------------------------+-----
Axes           | 3 5 7 8 10 12 15 17 18 26 | 26.9
Fighting       | 5 6 8 9 10 11 13 16 17 18 19 20 21 22 23 24 25 26 27 | 27.0
Shields        | 4 5 8 9 12 15 18 19 20 21 22 23 24 25 27 | 27.0
Armour         | 4 5 7 8 10 11 14 16 18 19 20 22 23 24 25 26 27 | 27.0
Evocations     | 1 2 4 5 6 8 11 12 14 16 27 | 27.0
Dodging        | 3 5 6 7 9 10 11 13 15 16 27 | 27.0
Shapeshifting  | 4 7 27 | 27.0
Maces & Flails | 2 |  2.1
Spellcasting   | 27 | 27.0
Conjurations   | 5 |  5.2
Hexes          | 3 |  3.4
Translocations | 2 |  2.8
Alchemy        | 2 |  2.8

Action                     |  1- 3 |  4- 6 |  7- 9 | 10-12 | 13-15 | 16-18 | 19-21 | 22-24 | 25-27 || total
---------------------------+-------+-------+-------+-------+-------+-------+-------+-------+-------++-------
  Melee: War axe           |    74 |   132 |   419 |   646 |       |       |       |       |       ||  1271
         Broad axe         |       |       |       |    96 |  1133 |  1606 |  1626 |  2250 | 11881 || 18592
         Sacred scourge    |       |       |       |       |       |       |       |       |   460 ||   460
  Throw: Dart              |       |     8 |     9 |       |       |       |       |       |       ||    17
         Boomerang         |       |     4 |       |       |       |       |       |       |       ||     4
 Invoke: Heavenly Storm    |       |       |       |       |     2 |     4 |     3 |     2 |    12 ||    23
         Serpent's Lash    |       |       |       |       |       |       |     3 |     6 |    49 ||    58
Ability: Lunge             |       |     8 |    22 |    43 |    83 |   133 |   113 |   111 |   693 ||  1206
         Whirlwind         |       |       |       |    55 |   149 |   380 |   247 |   451 |  1170 ||  2452
         Wall Jump         |       |       |       |       |       |       |       |     2 |     3 ||     5
         Siphon Essence    |       |       |       |       |       |       |       |       |    10 ||    10
  Evoke: Wand              |       |       |       |    15 |     7 |     6 |     1 |       |    16 ||    45
         Phantom mirror    |       |       |       |       |     4 |       |       |     1 |     2 ||     7
         Tin of tremorston |       |       |       |       |       |     3 |       |     2 |     3 ||     8
         Box of beasts     |       |       |       |       |       |       |       |       |     3 ||     3
         Horn of Geryon    |       |       |       |       |       |       |       |       |     2 ||     2
    Use: Potion            |     1 |       |       |       |     5 |     3 |     5 |     3 |    35 ||    52
         Scroll            |       |     3 |     9 |    10 |    15 |    13 |     6 |    12 |    62 ||   130
   Stab: Paralysed         |       |       |       |     9 |       |     6 |     4 |       |       ||    19
         Distracted        |       |       |       |       |     2 |       |     2 |       |    11 ||    15
         Petrified         |       |       |       |       |     5 |       |       |       |       ||     5
         Petrifying        |       |       |       |       |       |       |       |       |     1 ||     1
         Sleeping          |       |       |       |       |       |       |       |       |     1 ||     1
 Armour: Scale mail        |    53 |       |       |       |       |       |       |       |       ||    53
         Plate armour      |     4 |    97 |   286 |   410 |   605 |   748 |   574 |   228 |       ||  2952
         Ring mail         |       |       |       |       |       |   110 |       |       |       ||   110
         Gold dragon scale |       |       |       |       |       |       |       |   512 |  3132 ||  3644
         Skin              |       |       |       |       |       |       |       |    11 |   170 ||   181
  Dodge: Dodged            |    26 |    45 |   182 |   327 |   465 |   661 |   339 |   529 |  3253 ||  5827
  Block: Buckler           |    12 |    22 |    80 |   168 |   227 |   161 |       |       |       ||   670
         Tower shield      |       |       |       |       |       |   717 |  1081 |  1770 | 11827 || 15395
   Form: Death             |       |       |       |       |       |       |       |       |     9 ||     9
                           |       |       |       |       |       |       |       |       |     7 ||     7
         Statue            |       |       |       |       |       |       |       |       |     1 ||     1

Table legend: (Time is in decaauts)
 A = Elapsed time spent in this place.
 B = Non-inter-level travel time spent in this place.
 C = Inter-level travel time spent in this place.
 D = Time resting spent in this place.
 E = Time spent auto-exploring this place.
 F = Levels seen in this place.
 G = Mean time per level.
                   A        B        C        D        E       F      G
               +--------+--------+--------+--------+--------+-----+--------+
         Total |  93433 |  82742 |  10691 |   2179 |  49913 | 144 |  648.8 |
       Dungeon |  14843 |  11528 |   3315 |    243 |   8147 |  15 |  989.5 |
          Lair |   5305 |   4748 |    557 |    213 |   3473 |   5 | 1061.0 |
        Shoals |   3024 |   2863 |    161 |     87 |   1692 |   4 |  756.0 |
   Spider Nest |   4614 |   4296 |    318 |    120 |   2820 |   4 | 1153.5 |
    Slime Pits |   1465 |   1339 |    126 |     80 |    562 |   5 |  293.0 |
  Orcish Mines |   2419 |   1905 |    514 |    127 |   1000 |   2 | 1209.5 |
   Elven Halls |   3964 |   3514 |    450 |     36 |   2460 |   3 | 1321.3 |
        Vaults |   8635 |   7441 |   1194 |    154 |   5322 |   5 | 1727.0 |
         Crypt |   4562 |   3630 |    932 |     77 |   2406 |   3 | 1520.7 |
          Tomb |   2761 |   2362 |    399 |     24 |   1160 |   3 |  920.3 |
        Depths |   5057 |   3674 |   1383 |      1 |   2608 |   4 | 1264.2 |
          Hell |    706 |    474 |    232 |      0 |    193 |   1 |  706.0 |
           Dis |   2545 |   2360 |    185 |      7 |   1257 |   7 |  363.6 |
       Gehenna |   2209 |   2122 |     87 |      0 |    877 |   7 |  315.6 |
       Cocytus |   3302 |   3040 |    262 |    107 |   1805 |   7 |  471.7 |
      Tartarus |   3043 |   2888 |    155 |      0 |   1930 |   7 |  434.7 |
           Zot |   4234 |   3819 |    415 |    178 |   2559 |   5 |  846.8 |
         Abyss |   1617 |   1617 |      0 |     33 |    389 |   6 |  269.5 |
   Pandemonium |  13797 |  13797 |      0 |    414 |   7614 |  21 |  657.0 |
      Ziggurat |   3519 |   3519 |      0 |     17 |   1040 |  27 |  130.3 |
      Ice Cave |    849 |    849 |      0 |    205 |    183 |   1 |  849.0 |
       Volcano |    476 |    476 |      0 |     54 |    174 |   1 |  476.0 |
      Gauntlet |    477 |    477 |      0 |      0 |    237 |   1 |  477.0 |
               +--------+--------+--------+--------+--------+-----+--------+

Top non-repeatable levels by time:
Vaults:1: 2435 daAuts
   Tar:7: 2089 daAuts
Vaults:2: 1868 daAuts
Spider:1: 1813 daAuts
 Crypt:1: 1658 daAuts
 Crypt:3: 1615 daAuts
   Orc:2: 1613 daAuts
   Coc:7: 1602 daAuts
    D:14: 1559 daAuts
   Elf:3: 1556 daAuts
   Elf:2: 1549 daAuts
Vaults:3: 1533 daAuts
   Dis:7: 1524 daAuts
Depths:2: 1482 daAuts
Vaults:5: 1454 daAuts
